Workbook
Name APU: APU!#REF!
Name APUAUXILIARES: 'APU AUXILIARES'!$A$1:$G$807
Name CODIGOEQUIPOS: 'INSUMOS EQUIPOS'!$A$7:$A$50
Name CODIGOMATERIALES: 'INSUMOS MATERIALES'!$A$7:$A$103
Name CÓDIGOS_EQUIPOS: '[7]INSUMOS EQUIPOS'!$A$8:$A$105
Name CÓDIGOS_MANO_DE_OBRA: '[7]INSUMOS MANO DE OBRA'!$A$8:$A$63
Name CODIGOSMANODEOBRA: 'INSUMOS MANO DE OBRA'!$A$7:$A$61
Name CODIGOSSERVICIOS: 'INSUMOS SERVICIOS'!$A$7:$A$21
Name CODIGOTRANSPORTES: 'INSUMOS TRANSPORTES'!$A$7:$A$33
Name FACTORPRESTACIONAL: 'FACTOR PRESTACIONAL'!$A$7:$BE$32
Name INSUMOS_EQUIPOS: '[7]INSUMOS EQUIPOS'!$A$1:$D$105
Name INSUMOS_MANO_DE_OBRA: '[7]INSUMOS MANO DE OBRA'!$A$1:$H$63
Name INSUMOSEQUIPOS: 'INSUMOS EQUIPOS'!$A$7:$D$49
Name INSUMOSMANODEOBRA: 'INSUMOS MANO DE OBRA'!$A$7:$H$61
Name INSUMOSMATERIALES: 'INSUMOS MATERIALES'!$A$7:$D$103
Name INSUMOSSERVICIOS: 'INSUMOS SERVICIOS'!$A$7:$D$21
Name INSUMOSTRANSPORTES: 'INSUMOS TRANSPORTES'!$A$7:$D$33
Name MEMORIAS: MEMORIAS!#REF!
Name PRESUPUESTO: 'FICHA TECNICA'!$A$7:$H$18
Name PRESUPUESTO: PRESUPUESTO!$A$7:$H$20

Sheet DATOS INICIALES
B1: DEPARTAMENTO DE ANTIOQUIA
B2: MUNICIPIO DE DABEIBA
B3: =B7 -> AMPLIACIÓN DEL SISTEMA DE ALCANTARILLADO EN SECTOR DEL BARRIO PABLO VI DEL MUNICIPIO DE DABEIBA ANTIOQUIA
B5: DATOS INICIALES
A6: ENTIDAD: | B6: MUNICIPIO DE DABEIBA | C6: Elija el municipio de la lista desplegable
A7: NOMBRE DEL PROYECTO: | B7: AMPLIACIÓN DEL SISTEMA DE ALCANTARILLADO EN SECTOR DEL BARRIO PABLO VI DEL MUNICIPIO DE DABEIBA ANTIOQUIA | C7: Digite el nombre del proyecto. Recuerde que debe coincidir con el objeto del contrato resultante de este proceso.
A8: RESPONSABLE: | B8: MARLON ASDRUBAL PEREZ HERRERA | C8: Digite el nombre del profesional responsable del presupuesto.
A9: CARGO DE RESPONSABLE: | B9: INGENIERO BANCO DE PROYECTOS | C9: Digite el cargo del profesional responsable del presupuesto.
A10: DEPENDENCIA DE RESPONSABLE: | B10: BANCO DE PROYECTOS - SECRETARÍA DE PLANEACIÓN | C10: Digite el nombre de la dependencia del profesional responsable del presupuesto.
A11: MATRÍCULA PROFESIONAL RESPONSABLE: | B11: MAT No. 05202-354756ANT | C11: Digite la matrícula profesional del profesional responsable del presupuesto.
A12: SALARIO MÍNIMO MENSUAL VIGENTE: | B12: 1423500
A13: AUXILIO DE TRANSPORTE VIGENTE: | B13: 200000
A14: EXONERADO ART 114-1 ET PARA LA OBRA: | B14: SI | C14: Elegir de las listas desplegables (Ver artículo 114-1 del Estatuto Tributario. Cabe aclarar que, al momento de proyectar los documentos del proceso de selección, deberá incluirse el método o procedimiento mediante el cual la Administración se asegurará de que, si el contratista elegido es de naturaleza contraria a esta decisión, el equilibrio contractual se encuentre garantizado).
A15: EXONERADO ART 114-1 ET PARA LA INTERVENTORÍA | B15: SI
A16: NIVEL DE RIESGO ARL APLICABLE | B16: V | C16: Elegir de la lista desplegable (Ver Decreto 1607 de 2002 para asignación de Riesgo ARL Aplicable).
A17: % ARL | B17: =+IF(B16="I",0.522%,IF(B16="II",1.044%,IF(B16="III",2.436%,IF(B16="IV",4.35%,6.96%)))) -> 0.0696
A18: DURACIÓN ESTIMADA DE OBRA (MESES) | B18: 1 | C18: Digite la duración de la obra de acuerdo al cronograma
A19: DISTANCIA A SITIO DE BOTADA DE TIERRA (KM) | B19: 5 | C19: Digite la distancia al sitio de botada de tierra de acuerdo al certificado expedido por la entidad.
A20: DISTANCIA A SITIO DE BOTADA DE ESCOMBROS (KM) | B20: 5 | C20: Digite la distancia al sitio de botada de escombros de acuerdo al certificado expedido por la entidad.
A21: DISTANCIA A SITIO DE PROVISIÓN DE MATERIAL DE PLAYA (ARENILLON, PIEDRA RODADA DE RIO) (KM) | B21: 10 | C21: Digite la distancia al sitio de provisión de material de playa de acuerdo al certificado expedido por la entidad.
A22: DISTANCIA A SITIO DE PROVISIÓN DE MATERIAL DE PLAYA (TRITURADO) (KM) | B22: 10 | C22: Digite la distancia al sitio de provisión de material de playa de acuerdo al certificado expedido por la entidad.
A23: DISTANCIA A SITIO DE PROVISIÓN DE MATERIAL GRANULAR (KM) | B23: 5 | C23: Digite la distancia al sitio de provisión de material granular de acuerdo al certificado expedido por la entidad.
A24: DISTANCIA A SITIO DE PROVISIÓN DE INSUMOS GENERALES (KM) | B24: 5 | C24: Digite la distancia al sitio de provisión de insumos generales de acuerdo al certificado expedido por la entidad.
A25: DISTANCIA A SITIO DE PROVISIÓN DE ASFALTOS (KM) | C25: Digite la distancia al sitio de provisión de asfaltos de acuerdo al certificado expedido por la entidad.
A26: PÓLIZA DE RCE EXIGIBLE A LA INTERVENTORÍA | B26: SI | C26: Elegir de la lista desplegable si se solicitará a la interventoría la póliza de responsabilidad civil extracontractual
A31: HADY LORENA
A32: Secretaría de Planeación e Infraestructura
A46: Fecha de actualización: 22 de FEBRERO de 2021 | B46: Nota 1: El archivo contiene referencias circulares, por lo tanto se debe tener activo el calculo iterativo de las fórmulas

Sheet FICHA TECNICA
A1: DEPARTAMENTO DE ANTIOQUIA
A2: ='DATOS INICIALES'!B2 -> MUNICIPIO DE DABEIBA
A3: =+'DATOS INICIALES'!B3 -> AMPLIACIÓN DEL SISTEMA DE ALCANTARILLADO EN SECTOR DEL BARRIO PABLO VI DEL MUNICIPIO DE DABEIBA ANTIOQUIA
A5: PRESUPUESTO GENERAL
A7: ITEM | D7: DESCRIPCIÓN | E7: UNIDAD | F7: CANTIDAD | G7: VR.UNITARIO | H7: VALOR TOTAL
A9: 1.1 | D9: Trazado localización y replanteo para tramo de alcantarillado y control permanente de alineamientos | E9: und | F9: 1
A10: 1.2 | D10: excavacion de material heterogeneo a una pofundiad entre 1.20m - 1.50m, incluye retiro, transporte y disposicion final de material resultante de las actividades | E10: m3 | F10: =+MEMORIAS!H24 -> 34
A11: 1.3 | D11: suministro e instalacion de tuberia novafort 8 ", incluye transportes, arenas y material granular necesarios para su correcto funcionamiento | E11: ml | F11: =+MEMORIAS!H39 -> 84
A12: 1.4 | D12: suministro e instalacion de silla yee 8x4 en acometidas de viviendas, incluye transporte y todo lo necesario para su correcto funcionamiento | E12: und | F12: =+MEMORIAS!H54 -> 8
A13: 1.5 | D13: Relleno con material de excavación | E13: m3 | F13: =+MEMORIAS!H70 -> 19
A14: 1.6 | D14: construccion de caja de registro en concreto de 21 mpa incluye tapa en concreto con herraje en angulo 3.13x1./2" | E14: und | F14: =+MEMORIAS!H86 -> 1
A15: SUBTOTAL COSTOS DIRECTOS | H15: =+SUM(H9:H14) -> 0
A16: %ADMINISTRACIÓN OBRA | H16: =IFERROR($H$15*G16,"") -> 0
A17: %UTILIDADES OBRA | H17: =IFERROR($H$15*G17,"") -> 0
D18: TOTAL DE COSTOS DIRECTOS MAS INDIRECTOS | H18: =+H15+H16+H17 -> 0

Sheet PRESUPUESTO
A1: DEPARTAMENTO DE ANTIOQUIA
A2: ='DATOS INICIALES'!B2 -> MUNICIPIO DE DABEIBA
A3: =+'DATOS INICIALES'!B3 -> AMPLIACIÓN DEL SISTEMA DE ALCANTARILLADO EN SECTOR DEL BARRIO PABLO VI DEL MUNICIPIO DE DABEIBA ANTIOQUIA
A5: PRESUPUESTO GENERAL
A7: ITEM | D7: DESCRIPCIÓN | E7: UNIDAD | F7: CANTIDAD | G7: VR.UNITARIO | H7: VALOR TOTAL
A9: 1.1 | D9: Trazado localización y replanteo para tramo de alcantarillado y control permanente de alineamientos | E9: und | F9: 1 | G9: =+APU!G8 -> 436483 | H9: =+G9*F9 -> 436483
A10: 1.2 | D10: excavacion de material heterogeneo a una pofundiad entre 1.20m - 1.50m, incluye retiro, transporte y disposicion final de material resultante de las actividades | E10: m3 | F10: =+MEMORIAS!H24 -> 34 | G10: =+APU!G65 -> 35827 | H10: =+G10*F10 -> 1218118
A11: 1.3 | D11: suministro e instalacion de tuberia novafort 8 ", incluye transportes, arenas y material granular necesarios para su correcto funcionamiento | E11: ml | F11: =+MEMORIAS!H39 -> 84 | G11: =+APU!G119 -> 128597 | H11: =+G11*F11 -> 10802148
A12: 1.4 | D12: suministro e instalacion de silla yee 8x4 en acometidas de viviendas, incluye transporte y todo lo necesario para su correcto funcionamiento | E12: und | F12: =+MEMORIAS!H54 -> 8 | G12: =+APU!G176 -> 184228 | H12: =+G12*F12 -> 1473824
A13: 1.5 | D13: Relleno con material de excavación | E13: m3 | F13: =+MEMORIAS!H70 -> 19 | G13: =+APU!G235 -> 33271 | H13: =+G13*F13 -> 632149
A14: 1.6 | D14: construccion de caja de registro en concreto de 21 mpa incluye tapa en concreto con herraje en angulo 3.13x1./2" | E14: und | F14: =+MEMORIAS!H86 -> 1 | G14: =+APU!G293 -> 656363 | H14: =+G14*F14 -> 656363
A15: SUBTOTAL COSTOS DIRECTOS | H15: =+SUM(H9:H14) -> 15219085
A16: %ADMINISTRACIÓN OBRA | G16: 0.25 | H16: =IFERROR($H$15*G16,"") -> 3804771.2
A17: %UTILIDADES OBRA | G17: =AIU!I48 -> 0.05 | H17: =IFERROR($H$15*G17,"") -> 760954.25
D18: TOTAL DE COSTOS DIRECTOS MAS INDIRECTOS | H18: =+H15+H16+H17 -> 19784810
D19: HONORARIOS EDURHA | G19: 0.01 | H19: =+H18*0.01 -> 197848.11
A20: COSTOS TOTALES OBRA (DIRECTOS + INDIRECTOS) | H20: =+H18+H19 -> 19982659
H22: 19784811
H23: 197848

Sheet APU
A1: ='DATOS INICIALES'!$B$1 -> DEPARTAMENTO DE ANTIOQUIA
A2: ='DATOS INICIALES'!$B$2 -> MUNICIPIO DE DABEIBA
A3: ='DATOS INICIALES'!$B$3 -> AMPLIACIÓN DEL SISTEMA DE ALCANTARILLADO EN SECTOR DEL BARRIO PABLO VI DEL MUNICIPIO DE DABEIBA ANTIOQUIA
A5: ANÁLISIS DE PRECIOS UNITARIOS
A7: ITEM | B7: DESCRIPCIÓN | E7: UNIDAD | F7: CANTIDAD | G7: COSTO DIRECTO
A8: 1.1 | B8: =+IFERROR(VLOOKUP($A8,PRESUPUESTO,4,0),"") -> Trazado localización y replanteo para tramo de alcantarillado y control permanente de alineamientos | E8: =+IFERROR(VLOOKUP($A8,PRESUPUESTO,5,0),"") -> und | F8: =+IFERROR(VLOOKUP($A8,PRESUPUESTO,6,0),"") -> 1 | G8: =IF(G54=0,"",G44) -> 436483
A10: 1. COSTOS DIRECTOS
A12: I. EQUIPO
A13: CÓDIGO | B13: DESCRIPCIÓN | D13: UNIDAD | E13: TARIFA | F13: RENDIMIENTO | G13: VR. UNITARIO
A14: =+'INSUMOS EQUIPOS'!A9 -> EQ002 | B14: =+'INSUMOS EQUIPOS'!B10 -> NIVEL DE PRECISIÓN | D14: dia | E14: =+'INSUMOS EQUIPOS'!D10 -> 52000 | F14: 1 | G14: =+E14*F14 -> 52000
A15: =IF(B15="","",INDEX(CODIGOEQUIPOS,MATCH($B15,'INSUMOS EQUIPOS'!$B$7:$B$42,0))) -> EQ001 | B15: HERRAMIENTA MENOR (10% DE LA MANO DE OBRA) | D15: =IF(B15="","",(VLOOKUP($A15,INSUMOSEQUIPOS,3,0))) -> % | E15: =G35 -> 349530 | F15: 0.1 | G15: =+IFERROR(E15*F15,"") -> 34953
F16: SUBTOTAL | G16: =+G14+G15 -> 86953
A18: II. MATERIALES
A19: CÓDIGO | B19: DESCRIPCIÓN | C19: UNIDAD | D19: CANTIDAD | E19: DESP. | F19: PRECIO UNIT. | G19: VR. UNITARIO
F22: SUBTOTAL | G22: =+IF(SUM(G20:G21)=0,"",SUM(G20:G21))
A24: III. TRANSPORTES
A25: CÓDIGO | B25: DESCRIPCIÓN | C25: TIPO | D25: VOLUMEN/PESO | E25: DISTANCIA | F25: TARIFA | G25: VR. UNITARIO
G26: =+D26*E26*F26 -> 0
G27: =+D27*E27*F27 -> 0
F28: SUBTOTAL | G28: =+IF(SUM(G26:G27)=0,"",SUM(G26:G27))
A30: IV. MANO DE OBRA
A31: CÓDIGO | B31: CARGOS PERSONAL | D31: CANTIDAD | E31: JORNAL TOTAL | F31: RENDIMIENTO | G31: VR. UNITARIO
A32: =IF(B32="","",INDEX(CODIGOSMANODEOBRA,MATCH($B32,'INSUMOS MANO DE OBRA'!$B$7:$B$61,0))) -> MO017 | B32: CADENERO 1 | D32: 1 | E32: =IF(B32="","",(VLOOKUP($A32,INSUMOSMANODEOBRA,8,0))) -> 168054 | F32: 1 | G32: =+IFERROR(D32*E32/F32,"") -> 168054
A33: =IF(B33="","",INDEX(CODIGOSMANODEOBRA,MATCH($B33,'INSUMOS MANO DE OBRA'!$B$7:$B$61,0))) -> MO032 | B33: AYUDANTE RASO | D33: 2 | E33: =IF(B33="","",(VLOOKUP($A33,INSUMOSMANODEOBRA,8,0))) -> 90738 | F33: 1 | G33: =+IFERROR(D33*E33/F33,"") -> 181476
F34: =+IF(A34="","",IF(A34=0,"",IF(F33="","",F33))) | G34: =+IFERROR(D34*E34/F34,"")
F35: SUBTOTAL | G35: =+IF(SUM(G32:G34)=0,"",SUM(G32:G34)) -> 349530
A37: V. SERVICIOS
A38: CÓDIGO | B38: DESCRIPCIÓN | D38: UNIDAD | E38: CANTIDAD | F38: PRECIO UNIT. | G38: VR. UNITARIO
A39: =IF(B39="","",INDEX(CODIGOSSERVICIOS,MATCH($B39,'INSUMOS SERVICIOS'!$B$7:$B$21,0))) | D39: =+IF(B39="","",(VLOOKUP($A39,INSUMOSSERVICIOS,3,0))) | F39: =IF(B39="","",(VLOOKUP($A39,INSUMOSSERVICIOS,4,0))) | G39: =+IFERROR(E39*F39,"")
A40: =IF(B40="","",INDEX(CODIGOSSERVICIOS,MATCH($B40,'INSUMOS SERVICIOS'!$B$7:$B$21,0))) | D40: =+IF(B40="","",(VLOOKUP($A40,INSUMOSSERVICIOS,3,0))) | F40: =IF(B40="","",(VLOOKUP($A40,INSUMOSSERVICIOS,4,0))) | G40: =+IFERROR(E40*F40,"")
D41: =+IF(B41="","",(VLOOKUP($A41,INSUMOS_SERVICIOS,3,0))) | F41: =IF(B41="","",(VLOOKUP($A41,INSUMOS_SERVICIOS,4,0))) | G41: =+IFERROR(E41*F41,"")
F42: SUBTOTAL | G42: =+IF(SUM(G39:G41)=0,"",SUM(G39:G41))
A44: TOTAL COSTO DIRECTO | G44: =IF(SUM(G16,G22,G28,G35,G42)=0,"",(ROUND(SUM(G16,G22,G28,G35,G42),0))) -> 436483
A46: 2. COSTOS INDIRECTOS
A48: DESCRIPCIÓN | F48: PORCENTAJE | G48: VALOR TOTAL
A49: ADMINISTRACION | F49: =AIU!$I$46 -> 0.3416 | G49: =+IFERROR(G44*F49,"") -> 149102.59
A50: IMPREVISTOS | F50: =IF(AIU!$I$47=0,"",AIU!$I$47) | G50: =+IFERROR(G44*F50,"")
A51: UTILIDADES | F51: =IF(AIU!$I$48=0,"",AIU!$I$48) -> 0.05 | G51: =+IFERROR(G44*F51,"") -> 21824.15
A52: TOTAL COSTO INDIRECTO | F52: =IF(SUM(F49:F51)=0,"",SUM(F49:F51)) -> 0.3916 | G52: =IF(SUM(G49:G51)=0,"",ROUND(SUM(G49:G51),0)) -> 170927
A54: PRECIO UNITARIO TOTAL APROXIMADO AL PESO | G54: =+IFERROR(ROUND(G44+G52,0),"") -> 607410
A58: ='DATOS INICIALES'!$B$1 -> DEPARTAMENTO DE ANTIOQUIA
A59: ='DATOS INICIALES'!$B$2 -> MUNICIPIO DE DABEIBA
A60: ='DATOS INICIALES'!$B$3 -> AMPLIACIÓN DEL SISTEMA DE ALCANTARILLADO EN SECTOR DEL BARRIO PABLO VI DEL MUNICIPIO DE DABEIBA ANTIOQUIA
A62: ANÁLISIS DE PRECIOS UNITARIOS
A64: ITEM | B64: DESCRIPCIÓN | E64: UNIDAD | F64: CANTIDAD | G64: COSTO DIRECTO
A65: 1.2 | B65: =+IFERROR(VLOOKUP($A65,PRESUPUESTO,4,0),"") -> excavacion de material heterogeneo a una pofundiad entre 1.20m - 1.50m, incluye retiro, transporte y disposicion final de material resultante de las actividades | E65: =+IFERROR(VLOOKUP($A65,PRESUPUESTO,5,0),"") -> m3 | F65: =+IFERROR(VLOOKUP($A65,PRESUPUESTO,6,0),"") -> 34 | G65: =+G99 -> 35827 | I65: 42500
A67: 1. COSTOS DIRECTOS
A69: I. EQUIPO
A70: CÓDIGO | B70: DESCRIPCIÓN | D70: UNIDAD | E70: TARIFA | F70: RENDIMIENTO | G70: VR. UNITARIO
A71: =IF(B71="","",INDEX(CODIGOEQUIPOS,MATCH($B71,'INSUMOS EQUIPOS'!$B$7:$B$42,0))) -> EQ001 | B71: HERRAMIENTA MENOR (10% DE LA MANO DE OBRA) | D71: =IF(B71="","",(VLOOKUP($A71,INSUMOSEQUIPOS,3,0))) -> % | E71: =G90 -> 30933.409 | F71: 0.1 | G71: =+IFERROR(E71*F71,"") -> 3093.3409
F72: SUBTOTAL | G72: =+IF(SUM(G71:G71)=0,"",SUM(G71:G71)) -> 3093.3409
A74: II. MATERIALES
A75: CÓDIGO | B75: DESCRIPCIÓN | C75: UNIDAD | D75: CANTIDAD | E75: DESP. | F75: PRECIO UNIT. | G75: VR. UNITARIO
A76: =+'INSUMOS MATERIALES'!A41 -> MA030 | G76: =+(D76*F76*(1+E76)) -> 0
Q77: =1/6 -> 0.16666667
F78: SUBTOTAL | G78: =+G76 -> 0
A80: III. TRANSPORTES
A81: CÓDIGO | B81: DESCRIPCIÓN | C81: TIPO | D81: VOLUMEN/PESO | E81: DISTANCIA | F81: TARIFA | G81: VR. UNITARIO
A82: =IF(B82="","",INDEX(CODIGOTRANSPORTES,MATCH(B82,'INSUMOS TRANSPORTES'!$B$7:$B$29,0))) -> TR019 | B82: ACARREO INTERNO DE MATERIALES | C82: INSUMOS | D82: 1 | E82: 0.2 | F82: =+'INSUMOS TRANSPORTES'!D28 -> 9000 | G82: =+D82*E82*F82 -> 1800
F83: =+IF(B83="","",(VLOOKUP($A83,INSUMOS_TRANSPORTES,4,0))) | G83: =+IFERROR(E83*F83,"")
F84: SUBTOTAL | G84: =+IF(SUM(G82:G83)=0,"",SUM(G82:G83)) -> 1800
A86: IV. MANO DE OBRA
A87: CÓDIGO | B87: CARGOS PERSONAL | D87: CANTIDAD | E87: JORNAL TOTAL | F87: RENDIMIENTO | G87: VR. UNITARIO
A88: =IF(B88="","",INDEX(CODIGOSMANODEOBRA,MATCH($B88,'INSUMOS MANO DE OBRA'!$B$7:$B$61,0))) -> MO032 | B88: AYUDANTE RASO | D88: 3 | E88: =IF(B88="","",(VLOOKUP($A88,INSUMOSMANODEOBRA,8,0))) -> 90738 | F88: 8.8 | G88: =+IFERROR(D88*E88/F88,"") -> 30933.409
F89: =+IF(A89="","",IF(A89=0,"",IF(F88="","",F88))) | G89: =+IFERROR(D89*E89/F89,"")
F90: SUBTOTAL | G90: =+IF(SUM(G88:G89)=0,"",SUM(G88:G89)) -> 30933.409
A92: V. SERVICIOS
A93: CÓDIGO | B93: DESCRIPCIÓN | D93: UNIDAD | E93: CANTIDAD | F93: PRECIO UNIT. | G93: VR. UNITARIO
A94: =IF(B94="","",INDEX(CODIGOSSERVICIOS,MATCH($B94,'INSUMOS SERVICIOS'!$B$7:$B$21,0))) | D94: =+IF(B94="","",(VLOOKUP($A94,INSUMOSSERVICIOS,3,0))) | F94: =IF(B94="","",(VLOOKUP($A94,INSUMOSSERVICIOS,4,0))) | G94: =+IFERROR(E94*F94,"")
A95: =IF(B95="","",INDEX(CODIGOSSERVICIOS,MATCH($B95,'INSUMOS SERVICIOS'!$B$7:$B$21,0))) | D95: =+IF(B95="","",(VLOOKUP($A95,INSUMOSSERVICIOS,3,0))) | F95: =IF(B95="","",(VLOOKUP($A95,INSUMOSSERVICIOS,4,0))) | G95: =+IFERROR(E95*F95,"")
D96: =+IF(B96="","",(VLOOKUP($A96,INSUMOS_SERVICIOS,3,0))) | F96: =IF(B96="","",(VLOOKUP($A96,INSUMOS_SERVICIOS,4,0))) | G96: =+IFERROR(E96*F96,"")
F97: SUBTOTAL | G97: =+IF(SUM(G94:G96)=0,"",SUM(G94:G96))
A99: TOTAL COSTO DIRECTO | G99: =IF(SUM(G72,G78,G84,G90,G97)=0,"",(ROUND(SUM(G72,G78,G84,G90,G97),0))) -> 35827
A101: 2. COSTOS INDIRECTOS
A103: DESCRIPCIÓN | F103: PORCENTAJE | G103: VALOR TOTAL
A104: ADMINISTRACION | F104: =AIU!$I$46 -> 0.3416 | G104: =+IFERROR(G99*F104,"") -> 12238.503
A105: IMPREVISTOS | F105: =IF(AIU!$I$47=0,"",AIU!$I$47) | G105: =+IFERROR(G99*F105,"")
A106: UTILIDADES | F106: =IF(AIU!$I$48=0,"",AIU!$I$48) -> 0.05 | G106: =+IFERROR(G99*F106,"") -> 1791.35
A107: TOTAL COSTO INDIRECTO | F107: =IF(SUM(F104:F106)=0,"",SUM(F104:F106)) -> 0.3916 | G107: =IF(SUM(G104:G106)=0,"",ROUND(SUM(G104:G106),0)) -> 14030
A109: PRECIO UNITARIO TOTAL APROXIMADO AL PESO | G109: =+IFERROR(ROUND(G99+G107,0),"") -> 49857
A112: ='DATOS INICIALES'!$B$1 -> DEPARTAMENTO DE ANTIOQUIA
A113: ='DATOS INICIALES'!$B$2 -> MUNICIPIO DE DABEIBA
A114: ='DATOS INICIALES'!$B$3 -> AMPLIACIÓN DEL SISTEMA DE ALCANTARILLADO EN SECTOR DEL BARRIO PABLO VI DEL MUNICIPIO DE DABEIBA ANTIOQUIA
A116: ANÁLISIS DE PRECIOS UNITARIOS
A118: ITEM | B118: DESCRIPCIÓN | E118: UNIDAD | F118: CANTIDAD | G118: COSTO DIRECTO
A119: 1.3 | B119: =+IFERROR(VLOOKUP($A119,PRESUPUESTO,4,0),"") -> suministro e instalacion de tuberia novafort 8 ", incluye transportes, arenas y material granular necesarios para su correcto funcionamiento | E119: =+IFERROR(VLOOKUP($A119,PRESUPUESTO,5,0),"") -> ml | F119: =+IFERROR(VLOOKUP($A119,PRESUPUESTO,6,0),"") -> 84 | G119: =IF(G166=0,"",G156) -> 128597
A121: 1. COSTOS DIRECTOS
A123: I. EQUIPO
A124: CÓDIGO | B124: DESCRIPCIÓN | D124: UNIDAD | E124: TARIFA | F124: RENDIMIENTO | G124: VR. UNITARIO
A125: =IF(B125="","",INDEX(CODIGOEQUIPOS,MATCH($B125,'INSUMOS EQUIPOS'!$B$7:$B$39,0))) -> EQ001 | B125: HERRAMIENTA MENOR (10% DE LA MANO DE OBRA) | D125: =+IF(B125="","",(VLOOKUP($A125,INSUMOSEQUIPOS,3,0))) -> % | E125: =G147 -> 11752 | F125: 0.1 | G125: =+IFERROR(E125*F125,"") -> 1175.2
B126: =+IF($A126="","",IFERROR(VLOOKUP($A126,INSUMOSEQUIPOS,2,0),"")) | E126: =+IF($A126="","",IFERROR(VLOOKUP($A126,INSUMOSEQUIPOS,4,0),"")) | G126: =+IFERROR(E126*F126,"")
F127: SUBTOTAL | G127: =+IF(SUM(G125:G126)=0,"",SUM(G125:G126)) -> 1175.2
A129: II. MATERIALES
A130: CÓDIGO | B130: DESCRIPCIÓN | C130: UNIDAD | D130: CANTIDAD | E130: DESP. | F130: PRECIO UNIT. | G130: VR. UNITARIO
A131: =+'INSUMOS MATERIALES'!A50 -> MA038 | B131: =+'INSUMOS MATERIALES'!B50 -> Tubo Alcantarillado S4 200mm 8X6m Novafort | C131: ml | D131: 1 | E131: 0 | F131: =+'INSUMOS MATERIALES'!D50 -> 58947 | G131: =+F131*D131 -> 58947
A132: =+'INSUMOS MATERIALES'!A83 -> MA070 | B132: =+'INSUMOS MATERIALES'!B83 -> lubricante para instalación de tuberia | C132: und | D132: 0.2 | E132: 0.05 | F132: =+'INSUMOS MATERIALES'!D83 -> 20000 | G132: =+(D132*F132*(1+E132)) -> 4200
A133: =+'INSUMOS MATERIALES'!A41 -> MA030 | B133: =+'INSUMOS MATERIALES'!B41 -> arena fina | C133: m3 | D133: 0.15 | E133: 0.05 | F133: =+'INSUMOS MATERIALES'!D41 -> 95000 | G133: =+(D133*F133*(1+E133)) -> 14962.5
A134: =+'INSUMOS MATERIALES'!A46 -> MA035 | B134: =+'INSUMOS MATERIALES'!B46 -> material mixto de rio | C134: m3 | D134: 0.12 | E134: 0.05 | F134: =+'INSUMOS MATERIALES'!D46 -> 60000 | G134: =+(D134*F134*(1+E134)) -> 7560
F135: SUBTOTAL | G135: =+G131+G132+G133+G134 -> 85669.5
A137: III. TRANSPORTES
...

Sheet PAGA
A1: DEPARTAMENTO DE ANTIOQUIA
A2: ='DATOS INICIALES'!B2 -> MUNICIPIO DE DABEIBA
A3: ='DATOS INICIALES'!B3 -> AMPLIACIÓN DEL SISTEMA DE ALCANTARILLADO EN SECTOR DEL BARRIO PABLO VI DEL MUNICIPIO DE DABEIBA ANTIOQUIA
A5: PROGRAMA DE ADAPTACION DE LA GUIA AMBIENTAL DE INVIAS – PAGA.
A7: ITEM | B7: DESCRIPCIÓN | C7: UNIDAD | D7: CANTIDAD | E7: VR.UNITARIO | F7: VALOR TOTAL | H7: EQUIPOS | I7: MATERIALES | J7: TRANSPORTES | K7: MANO DE OBRA | L7: SERVICIOS | M7: TOTAL
A8: 1 | B8: PROGRAMA / PROYECTO GESTIÓN AMBIENTAL
A9: 1.1 | B9: CUMPLIMIENTO DE REQUISITOS LEGALES
B10: TRAMITE DE PERMISO DE OCUPACIÓN DE CAUCE | C10: UN | D10: N/A | F10: 0
A11: 1.2 | B11: MANEJO Y DISPOSICION FINAL DE RESIDUOS SOLIDOS CONVENCIONALES Y ESPECIALES
B12: JUEGO DE TRES RECIPIENTES O CANECAS DE 55 GALONES, PUNTO ECOLOGICO CON SEÑALIZACIÓN INCLUYE IVA | C12: UN | D12: 1 | E12: 350000 | F12: =+IF(D12*E12=0,"",D12*E12) -> 350000
B13: BOLSAS POLIETILENO ALTA DENSIDAD (PAQUETE 100 UNIDADES DE 100 X 100). INCLUYE IVA | C13: UN | D13: =4*4 -> 16 | E13: 18000 | F13: =+IF(D13*E13=0,"",D13*E13) -> 288000
B14: DISPOSICIÓN DE RESIDUOS PELIGROSOS Y ESPECIALES CON EMPRESAS CERTIFICADAS | C14: MES | D14: 4 | E14: 70000 | F14: =+IF(D14*E14=0,"",D14*E14) -> 280000
A15: 1.3 | B15: SEÑALIZACIÓN FRENTES DE OBRAS Y SITIOS TEMPORALES (DEMARCACIÓN DE ÁREAS DE TRABAJO Y CENTROS DE ACOPIO)
B16: TELA VERDE ZARÁN DE H=2,50 Y ESTACONES REDONDOS CADA 1,50M | C16: M | D16: 100 | E16: 12000 | F16: =+IF(D16*E16=0,"",D16*E16) -> 1200000
B17: CINTA SEÑALIZACIÓN CALIBRE 4, 12 CM DE ALTO, COLOR NARANJA - BLANCO O AMARILLO- NEGRO, DE 500 M. (INCLUYE IVA) | C17: ML | D17: 1000 | E17: 60 | F17: =+IF(D17*E17=0,"",D17*E17) -> 60000
A18: 1.4 | B18: PROYECTO DE MANEJO INTEGRAL DE MATERIALES DE CONSTRUCCION Y MANEJO DE FUENTES DE EMISIONES ATMOSFÉRICAS
B19: HUMECTACIÓN DE VÍA/ÁREAS DE TRABAJO PARA CONTROL DE MATERIAL PARTICULADO (INCLUYE IVA) | C19: DÍA | D19: =4*4 -> 16 | E19: 100000 | F19: =+IF(D19*E19=0,"",D19*E19) -> 1600000
B20: TELERAS 1,35M X 0,90 M | C20: UN | D20: 4 | E20: 80000 | F20: =+IF(D20*E20=0,"",D20*E20) -> 320000
B21: LAVADERO DE LLANTAS | C21: UN | D21: 1 | E21: 300000 | F21: =+IF(D21*E21=0,"",D21*E21) -> 300000
B22: PLÁSTICO NEGRO POLIETILENO DE GRUESO CALIBRE, (150 M, CALIBRE 3.5 ANCHO DE 3 M). | C22: ROLLO | D22: 4 | E22: 180000 | F22: =+IF(D22*E22=0,"",D22*E22) -> 720000
A23: 1.5 | B23: MANEJO DE RESIDUOS LÍQUIDOS DOMÉSTICOS E INDUSTRIALES
B24: KIT DE EMERGENCIA PARA DERRAMES | C24: UN | D24: 1 | E24: 180000 | F24: =+IF(D24*E24=0,"",D24*E24) -> 180000
B25: SUBTOTAL GESTIÓN AMBIENTAL | F25: =IF(SUM(F8:F24)=0,"",SUM(F8:F24)) -> 5298000
A26: 2 | B26: PROGRAMA DE SEGURIDAD Y SALUD EN EL TRABAJO
A27: 2.1 | B27: DOTACIÓN DE CAMPAMENTOS /INSTALACIONES PROVISIONALES
B28: SEÑALES DE CAMPAMENTO - AVISOS EN POLIETILENO DE 30 X 50 CM (INCLUYE IVA) | C28: UN | D28: 2 | E28: 25000 | F28: =+IF(D28*E28=0,"",D28*E28) -> 50000
B29: CAMILLA EMERGENCIA POLIETILENO 185X45CM (INCLUYE IVA) | C29: UN | D29: 1 | E29: 160000 | F29: =+IF(D29*E29=0,"",D29*E29) -> 160000
B30: EXTINTOR ABC 20 LB (INCLUYE IVA) | C30: UN | D30: 1 | E30: 100000 | F30: =+IF(D30*E30=0,"",D30*E30) -> 100000
B31: BOTIQUÍN CRUZ ROJA DE PRIMEROS AUXILIOS REF. 115 EN LONA | C31: UN | D31: 1 | E31: 180000 | F31: =+IF(D31*E31=0,"",D31*E31) -> 180000
A32: 2.2 | B32: IMAGEN INSTITUCIONAL
B33: LONA PARA VEHÍCULO (VOLQUETA O CAMIÓN) DE 1,50 X 0,80 M, IMPRESIÓN INJEKT RESISTENTE A LA INTEMPERIE | C33: UN | D33: 2 | E33: 200000 | F33: =+IF(D33*E33=0,"",D33*E33) -> 400000
B34: CARNÉ PERSONAL. | C34: UN | D34: 10 | E34: 5000 | F34: =+IF(D34*E34=0,"",D34*E34) -> 50000
B35: SUBTOTAL GESTIÓN SEGURIDAD Y SALUD EN EL TRABAJO | F35: =IF(SUM(F26:F34)=0,"",SUM(F26:F34)) -> 940000
A36: 3 | B36: GESTIÓN SOCIAL
A37: 3.1 | B37: INFORMACIÓN Y DIVULGACIÓN
B38: PRODUCTOS DE LITOGRAFIA: AFICHES, VOLANTES, PLEGABLES, FORMATOS. | C38: UN | D38: 300 | E38: 500 | F38: =+IF(D38*E38=0,"",D38*E38) -> 150000
B39: BUZÓN PQRS EN ACRÍLICO SEGÚN DISEÑO SUMINISTRADO POR LA ENTIDAD (0,35M*0,45M) | C39: UN | D39: 1 | E39: 80000 | F39: =+IF(D39*E39=0,"",D39*E39) -> 80000
B40: REUNIONES, TALLERES INFORMATIVOS Y DE SOCIALIZACIÓN CON LA COMUNIDAD AFECTADA POR EL PROYECTO. INICIO, AVANCE Y FIN DE OBRA. INCLUYE LOGÍSTICA Y REFRIGERIOS. | C40: UN | D40: 3 | E40: 200000 | F40: =+IF(D40*E40=0,"",D40*E40) -> 600000
B41: SUBTOTAL GESTIÓN SOCIAL | F41: =IF(SUM(F36:F40)=0,"",SUM(F36:F40)) -> 830000
A42: TOTAL PLAN DE MANEJO AMBIENTAL - PMA | F42: =IF(SUM(F10:F41)=0,"",SUM(F25,F35,F41)) -> 7068000
B50: SECRETARIA DE PLANEACIÓN E INFRAESTRUCTURA

Sheet PMT
A1: DEPARTAMENTO DE ANTIOQUIA
A2: MUNICIPIO DE DABEIBA
A3: ='DATOS INICIALES'!B7 -> AMPLIACIÓN DEL SISTEMA DE ALCANTARILLADO EN SECTOR DEL BARRIO PABLO VI DEL MUNICIPIO DE DABEIBA ANTIOQUIA
A5: PLAN DE MANEJO DE TRÁNSITO - PMT
A7: ITEM | B7: CÓDIGO | C7: DESCRIPCIÓN | D7: UNIDAD | E7: CANTIDAD | F7: PLAZO | G7: VR.UNITARIO | H7: VALOR TOTAL
A8: 1. DISPOSITIVOS DE CONTROL
A9: 1.1 | C9: BARRICADAS | D9: UNIDAD | E9: 4 | G9: 32000 | H9: =+IF(E9*G9=0,"",E9*G9) -> 128000
A10: 1.2 | C10: PALETAS DE PARE Y SIGA | D10: UNIDAD | E10: 4 | G10: 25000 | H10: =+IF(E10*G10=0,"",E10*G10) -> 100000
A11: 1.3 | C11: DELINEADORES TUBULARES (COLOMBINAS) | D11: UNIDAD | E11: 4 | G11: 40000 | H11: =+IF(E11*G11=0,"",E11*G11) -> 160000
A12: 1.4 | C12: CINTA PLASTICA PELIGRO NO PASE | D12: ML | E12: 1000 | G12: =20000/500 -> 40 | H12: =+IF(E12*G12=0,"",E12*G12) -> 40000
A13: 2. SEÑALIZACION
A14: 2.1 | C14: SEÑALIZACION PRIMER NIVEL (PASAVIAS EN TELA) | D14: UNIDAD | E14: 2 | G14: 150000 | H14: =+IF(E14*G14=0,"",E14*G14) -> 300000
A15: 2.2 | C15: SEÑALES MOVILES DE APROXIMACION | D15: UNIDAD | E15: 2 | G15: 200000 | H15: =+IF(E15*G15=0,"",E15*G15) -> 400000
A16: 3. EQUIPOS VARIOS
A17: 3.1 | C17: CHALECOS REFLECTIVOS | D17: UNIDAD | E17: 2 | G17: 15000 | H17: =+IF(E17*G17=0,"",E17*G17) -> 30000
A18: 3.2 | C18: VOLANTES INFORMATIVOS | D18: UNIDAD | E18: 300 | G18: 500 | H18: =+IF(E18*G18=0,"",E18*G18) -> 150000
A19: 3.3 | C19: PITOS PARA AUXILIARES DE TRANSITO | D19: UNIDAD | E19: 2 | G19: 2000 | H19: =+IF(E19*G19=0,"",E19*G19) -> 4000
A20: 3.4 | C20: PAPELERIA E INFORMES | D20: MES | E20: 1 | G20: 150000 | H20: =+IF(E20*G20=0,"",E20*G20) -> 150000
A21: 3.5 | B21: EQ010 | C21: RADIOTELÉFONOS PARE-SIGA | D21: MES | E21: 1 | F21: 6 | G21: 51800 | H21: =+IF(E21*G21*F21=0,"",E21*G21*F21) -> 310800
A22: 4. PERSONAL
A23: 4.1 | B23: MO038 | C23: AUXILIAR PARE-SIGA | D23: MES | E23: 2 | F23: 6 | G23: =('FACTOR PRESTACIONAL'!AL11+'FACTOR PRESTACIONAL'!AL12)*'FACTOR PRESTACIONAL'!AM32 -> 2906065 | H23: =+IF(E23*G23*F23=0,"",E23*G23*F23) -> 34872780
A24: TOTAL PLAN DE MANEJO DE TRÁNSITO - PMT | H24: =IF(SUM(H8:H23)=0,"",SUM(H8:H23)) -> 36645580

Sheet PAPSO 
A3: PRESUPUESTO OFICIAL
A4: ='DATOS INICIALES'!B7 -> AMPLIACIÓN DEL SISTEMA DE ALCANTARILLADO EN SECTOR DEL BARRIO PABLO VI DEL MUNICIPIO DE DABEIBA ANTIOQUIA
A5: PROTOCOLO DE BIOSEGURIDAD COVID 19
A6: Plazo | B6: (6) seis meses
A7: Presupuesto de Implementación Protocolo de Bioseguridad
A8: ITEM | B8: DETALLE | C8: UNIDAD DE MEDIDA | D8: OCASIÓN | E8: CANTIDAD MENSUAL | F8: VALOR UNITARIO | G8: VALOR TOTAL | H8: CANTIDADES MAXIMAS | I8: ESPECIFICACIÓN | J8: EQUIPOS | K8: MATERIALES | L8: TRANSPORTES | M8: MANO DE OBRA | N8: SERVICIOS | O8: TOTAL
A9: 1 | B9: Alcohol antiséptico al 70% | C9: Litro | D9: 4 | E9: =27*0.006*30 -> 4.86 | F9: 9000 | G9: =D9*E9*F9 -> 174960 | H9: 0,006 Litro por día por persona | I9: Antiséptico 70%. Ingrediente activo alcohol etílico potabilizado al 96%. Debe contar con registro INVIMA
A10: 2 | B10: Gel antibacterial | C10: Litro | D10: 4 | E10: =0.003*27*30 -> 2.43 | F10: 11085 | G10: =ROUND(D10*E10*F10,0) -> 107746 | H10: 0,003 litros por día por persona. | I10: No requiere enjuague. Antiséptico para manos. Anticorrosivo. PH entre 6 y 7,5. Gel en base Glicerina + Alcohol antiséptico al 70%. Contenido de agua máximo 30%. Adicionado con emulientes y humectantes. Debe contar con registro INVIMA
A11: 3 | B11: Jabón líquido antibacterial | C11: Litro | D11: 4 | E11: =0.005*27*30 -> 4.05 | F11: 3995 | G11: =D11*E11*F11 -> 64719 | H11: 0,005 litros por día por persona | I11: Agente limpiador 6%. Agente humectante 3%, PH 5,5 a 7,0.
A12: 4 | B12: Hipoclorito de uso doméstico | C12: Litro | D12: 4 | E12: =27*0.05*1*0.15*30 -> 6.075 | F12: 2774 | G12: =ROUND(D12*E12*F12,0) -> 67408 | H12: 0,05 litros por cada litro de solución a 2500 ppm, para lavado rutinario. | I12: Hipoclorito de sodio al 5%(NaOCl), solución acuosa, libre de partículas, de control bacteriológico y microbiológico.
A13: 5 | B13: Tapabocas reutilizable en tela | C13: Unidad | D13: 4 | E13: =4*27 -> 108 | F13: 1000 | G13: =D13*E13*F13 -> 432000 | H13: 4 unidades por mes por persona | I13: Se deben seguir las especificaciones de la Resolución 666 del 24 de abril de 2020 y el documento soporte GIPS18 expedidos por el Ministerio de Salud
A14: 6 | B14: Guantes de nitrilo | C14: Par | D14: 4 | E14: =8*27 -> 216 | F14: 598 | G14: =D14*E14*F14 -> 516672 | H14: 2 pares por semana por persona | I14: NTC 2190; UNE EN 374, UNE EN 388, UNE EN 420, UNE EN 455. No esteril. Reutilizables o lavables de calibre de 0.05 mm o 2 mils.
A15: 7 | B15: Termómetro digital infrarrojo | C15: Unidad | D15: 4 | E15: 1 | F15: 299900 | G15: =D15*E15*F15 -> 1199600 | H15: 1 por la obra | I15: Sensibilidad a 0.1 °C. Debe ser específicamente diseñado para leer temperatura corporal y no para cualquier superficie.
A16: 8 | B16: Bomba de espalda | C16: Unidad | D16: 4 | E16: 1 | F16: 124900 | G16: =D16*E16*F16 -> 499600 | H16: 1 por la obra | I16: Aspersor tipo agrícola, portátil, 20 lts de capacidad con sistema, con bomba de acción manual, válvula de descompresión, boquillas plásticas y válvula de diafragma para regular el flujo
A17: COSTO TOTAL IMPLEMENTACIÓN PROTOCOLO DE BIOSEGURIDAD COVID 19 | G17: =SUM(G9:G16) -> 3062705
A18: VALOR COSTO DIRECTO DE OBRA | G18: =PRESUPUESTO!H15 -> 15219085
A19: % TOTAL IMPLEMENTACIÓN PROTOCOLO DE BIOSEGURIDAD | G19: =ROUND(G17/G18,4) -> 0.2012
A21: Nota 1: de conformidad con las cantidades máximas para insumos y elementos requeridos para el protocolo de bioseguridad covid 19 establecidas en la circular externa 003 del 07 de mayo de 2020 del Ministerio de Transporte, en el presente proyecto se determina en obra 27 personas, que corresponden a (16) obreros, (4) oficiales, (1) topografo, (1) cadenero, (1) residente de obra contratista, (1) director de obra contratista, (1) Tecnologo SST, (1) Residente ambiental.
A25: SECRETARIA DE PLANEACIÓN E INFRAESTRUCTURA

Sheet INTERVENTORIA
A1: DEPARTAMENTO DE ANTIOQUIA
A2: ='DATOS INICIALES'!B2 -> MUNICIPIO DE DABEIBA
A3: ='DATOS INICIALES'!B3 -> AMPLIACIÓN DEL SISTEMA DE ALCANTARILLADO EN SECTOR DEL BARRIO PABLO VI DEL MUNICIPIO DE DABEIBA ANTIOQUIA
A5: PRESUPUESTO INTERVENTORÍA
A7: ITEM | B7: CÓDIGO | C7: DESCRIPCIÓN | D7: CANT | E7: VALOR MENSUAL | F7: PREST. SOC. | G7: DEDIC. % | H7: PLAZO | I7: VALOR PARCIAL
A8: A | B8: COSTOS DIRECTOS DE PERSONAL
A9: 1 | B9: EQUIPO PROFESIONAL | I9: =IFERROR(IF(SUM(I10:I12)=0,"",SUM(I10:I12)),"") -> 53808311
A10: 1.1 | B10: =IF(C10="","",INDEX(CODIGOSMANODEOBRA,MATCH($C10,'INSUMOS MANO DE OBRA'!$B$7:$B$61,0))) -> MO002 | C10: DIRECTOR DE INTERVENTORÍA | D10: 1 | E10: =IF(C10="","",IFERROR(VLOOKUP($B10,INSUMOSMANODEOBRA,4,0),"")) -> 7117500 | F10: 1 | G10: 0.3 | H10: 6 | I10: =+IF(D10=0,"",IFERROR(D10*(E10+F10)*G10*H10,"")) -> 12811502
A11: 1.2 | B11: =IF(C11="","",INDEX(CODIGOSMANODEOBRA,MATCH($C11,'INSUMOS MANO DE OBRA'!$B$7:$B$61,0))) -> MO004 | C11: RESIDENTE DE INTERVENTORÍA | D11: 1 | E11: =IF(C11="","",IFERROR(VLOOKUP($B11,INSUMOSMANODEOBRA,4,0),"")) -> 4270500 | F11: 1 | G11: 1 | H11: 6 | I11: =+IF(D11=0,"",IFERROR(D11*(E11+F11)*G11*H11,"")) -> 25623006
A12: 1.3 | B12: =IF(C12="","",INDEX(CODIGOSMANODEOBRA,MATCH($C12,'INSUMOS MANO DE OBRA'!$B$7:$B$61,0))) -> MO006 | C12: RESIDENTE SOCIAL | D12: 1 | E12: =IF(C12="","",IFERROR(VLOOKUP($B12,INSUMOSMANODEOBRA,4,0),"")) -> 4270500 | F12: 1 | G12: 0.6 | H12: 6 | I12: =+IF(D12=0,"",IFERROR(D12*(E12+F12)*G12*H12,"")) -> 15373804
A13: 2 | B13: 6 | I13: =IFERROR(IF(SUM(I14:I14)=0,"",SUM(I14:I14)),"") -> 4270503
A14: 2.1 | B14: =IF(C14="","",INDEX(CODIGOSMANODEOBRA,MATCH($C14,'INSUMOS MANO DE OBRA'!$B$7:$B$61,0))) -> MO013 | C14: SECRETARIA | D14: 1 | E14: =IF(C14="","",IFERROR(VLOOKUP($B14,INSUMOSMANODEOBRA,4,0),"")) -> 1423500 | F14: 1 | G14: 0.5 | H14: 6 | I14: =+IF(D14=0,"",IFERROR(D14*(E14+F14)*G14*H14,"")) -> 4270503
A15: 3 | B15: APLICACIÓN FACTOR MULTIPLICADOR
A16: 3.1 | C16: SUBTOTAL COSTOS DE PERSONAL | I16: =IF(SUM(I9,I13)=0,"",SUM(I9,I13)) -> 58078814
A17: 3.2 | C17: FACTOR MULTIPLICADOR | I17: ='FM INTERVENTORIA'!H39 -> 2.02
A18: 3.3 | C18: VALOR TOTAL COSTOS DE PERSONAL | I18: =+IFERROR(I16*I17,"") -> 1.1731921e+08
A19: 4 | B19: Calculo del costo a reconocer por concepto de prestaciones sociales en caso de que el interventor este obligado a realizar aportes a salud, ICBF y SENA
C20: SUBTOTAL COSTOS DE PERSONAL | I20: =IF(SUM(I9,I13)=0,"",SUM(I9,I13)) -> 58078814
A21: 4.1 | C21: EPS | H21: 0.085 | I21: =$I$20*H21 -> 4936699.2
A22: 4.2 | C22: ICBF | H22: 0.03 | I22: =$I$20*H22 -> 1742364.4
A23: 4.3 | C23: SENA | H23: 0.02 | I23: =$I$20*H23 -> 1161576.3
C24: VALOR TOTAL | I24: =I21+I22+I23 -> 7840639.9
B25: TOTAL COSTOS DIRECTOS DE PERSONAL | I25: =I24+I18 -> 1.2515985e+08
A26: B | B26: OTROS COSTOS DIRECTOS
A27: 5 | B27: GASTOS DE TRANSPORTE, ALQUILER DE EQUIPO Y OTROS (SE PAGAN CONTRA FACTURA Y RESULTADOS SI APLICA): | I27: =IF(SUM(I28:I40)=0,"",SUM(I28:I40)) -> #REF!
A28: 5.1 | B28: =IF(C28="","",INDEX(CODIGOEQUIPOS,MATCH($C28,'INSUMOS EQUIPOS'!$B$7:$B$40,0))) -> EQ009 | C28: COMUNICACIONES (TELÉFONO, FAX, CELULAR, INTERNET, ETC.) MENSUAL EN CAMPO | D28: 1 | E28: =IF(C28="","",IFERROR(VLOOKUP($B28,INSUMOSEQUIPOS,4,0),"")) -> 40000 | H28: 6 | I28: =+IFERROR(D28*E28*H28,"") -> 240000
A29: 5.2 | B29: =IF(C29="","",INDEX(CODIGOEQUIPOS,MATCH($C29,'INSUMOS EQUIPOS'!$B$7:$B$40,0))) -> EQ007 | C29: TARIFA PUESTO DE TRABAJO DEL PERSONAL DE OFICINA DE CAMPO, INCLUYE: ALQUILER DE UN (1) EQUIPO DE COMPUTO COMPLETO, ESCRITORIO, SILLA Y OTROS ENSERES DE OFICINA POR PUESTO DE TRABAJO | D29: 2 | E29: =IF(C29="","",IFERROR(VLOOKUP($B29,INSUMOSEQUIPOS,4,0),"")) -> 50000 | H29: 6 | I29: =+IFERROR(D29*E29*H29,"") -> 600000
A30: 5.3 | B30: =IF(C30="","",INDEX(CODIGOEQUIPOS,MATCH($C30,'INSUMOS EQUIPOS'!$B$7:$B$40,0))) -> EQ008 | C30: IMPRESORA EN OBRA (ALQUILER) | D30: 1 | E30: =IF(C30="","",IFERROR(VLOOKUP($B30,INSUMOSEQUIPOS,4,0),"")) -> 40000 | H30: 6 | I30: =+IFERROR(D30*E30*H30,"") -> 240000
A31: 5.4 | B31: =IF(C31="","",INDEX(CODIGOSSERVICIOS,MATCH($C31,'INSUMOS SERVICIOS'!$B$7:$B$21,0))) -> SE002 | C31: COMISIÓN TOPOGRÁFICA (1 TOP. + 1 CAD. 1) | D31: 2 | E31: =IF(C31="","",IFERROR(VLOOKUP($B31,INSUMOSSERVICIOS,4,0),"")) -> 447639.44 | H31: 6 | I31: =+IFERROR(D31*E31*H31,"") -> 5371673.3
A32: 5.5 | B32: =IF(C32="","",INDEX(CODIGOSSERVICIOS,MATCH($C32,'INSUMOS SERVICIOS'!$B$7:$B$21,0))) -> SEL006 | C32: Diseños de mezcla para una resistencia determinada (Incluye ensayos a agregados y verificación de resistencia) | D32: 1 | E32: =IF(C32="","",IFERROR(VLOOKUP($B32,INSUMOSSERVICIOS,4,0),"")) -> 737000 | H32: 6 | I32: =+IFERROR(D32*E32*H32,"") -> 4422000
A33: 5.6 | B33: =IF(C33="","",INDEX(CODIGOSSERVICIOS,MATCH($C33,'INSUMOS SERVICIOS'!$B$7:$B$21,0))) -> SEL007 | C33: Resistencia a la compresión de cilindros de concreto (método normal) | D33: 3 | E33: =IF(C33="","",IFERROR(VLOOKUP($B33,INSUMOSSERVICIOS,4,0),"")) -> 15000 | H33: 6 | I33: =+IFERROR(D33*E33*H33,"") -> 270000
A34: 5.7 | B34: =IF(C34="","",INDEX(CODIGOSSERVICIOS,MATCH($C34,'INSUMOS SERVICIOS'!$B$7:$B$21,0))) -> SEL004 | C34: Relaciones de humedad - masa unitaria seca en los suelos (ensayo modificado de compactación - Proctor Modificado) con corrección del peso unitario y contenido de agua | D34: 1 | E34: =IF(C34="","",IFERROR(VLOOKUP($B34,INSUMOSSERVICIOS,4,0),"")) -> 147000 | H34: 6 | I34: =+IFERROR(D34*E34*H34,"") -> 882000
A35: 5.8 | C35: PAPSO INTERVENTORIA (Incluye SISO 10% de dedicación) | D35: 1 | E35: ='PAPSO INTERVENTORIA'!H18/6 -> 644024.9 | H35: 6 | I35: =+IFERROR(D35*E35*H35,"") -> 3864149.4
B36: TOTAL OTROS COSTOS DIRECTOS | I36: =IF(SUM(I28:I35)=0,"",SUM(I28:I35)) -> 15889823
A37: VALOR BÁSICO TOTAL | I37: =I25+I36 -> 1.4104967e+08
A38: IVA | H38: 0.19 | I38: =+IFERROR(I37*H38,"") -> 26799437
A39: TOTAL INTERVENTORÍA | I39: =IF(I37="","",SUM(I37:I38)) -> 1.678491e+08
A40: COSTO TOTAL DE LA OBRA | I40: =PRESUPUESTO!#REF! -> #REF!
A41: % | I41: =I39/I40 -> #REF!
C51: SECRETARIA DE PLANEACIÓN E INFRAESTRUCTURA

Sheet FM INTERVENTORIA
A1: DEPARTAMENTO DE ANTIOQUIA
A2: ='DATOS INICIALES'!B2 -> MUNICIPIO DE DABEIBA
A3: ='DATOS INICIALES'!B3 -> AMPLIACIÓN DEL SISTEMA DE ALCANTARILLADO EN SECTOR DEL BARRIO PABLO VI DEL MUNICIPIO DE DABEIBA ANTIOQUIA
A5: FACTOR MULTIPLICADOR INTERVENTORÍA
A7: 1 | B7: SALARIO BÁSICO | H7: =SUM(H8) -> 1
A8: 1.1 | B8: SALARIO BÁSICO | H8: 1
A9: 2 | B9: PRESTACIONES SOCIALES | H9: =SUM(H10:H22) -> 0.4719
A10: 2.1 | B10: PRIMA ANUAL | H10: 0.0833
A11: 2.2 | B11: CESANTÍA ANUAL | H11: 0.0833
A12: 2.3 | B12: INTERÉS A LAS CESANTÍAS | H12: 0.01
A13: 2.4 | B13: VACACIONES ANUALES | H13: 0.0417
A14: 2.5 | B14: EPS | H14: 0 | I14: 8.5
A15: 2.6 | B15: PENSIONES (AFP) | H15: 0.12
A16: 2.7 | B16: SENA | H16: 0 | I16: 0.2
A17: 2.8 | B17: ICBF | H17: 0 | I17: 0.3
A18: 2.9 | B18: SUBSIDIO FAMILIAR (CAJA DE COMPENSACIÓN) | H18: 0.04
A19: 2.10 | B19: ARP 6,96 % NORMAL | H19: 0.0696
A20: 2.11 | B20: DOTACIÓN | H20: 0.008 | I20: ENTRE 0.5% Y 1.5%
A21: 2.12 | B21: EPP | H21: 0.012 | I21: ENTRE 1% Y 2%
A22: 2.13 | B22: EXÁMENES DE INGRESO - EGRESO | H22: 0.004 | I22: ENTRE 0.35% Y 0.65%
A23: 3 | B23: COSTOS INDIRECTOS | H23: =SUM(H24:H28) -> 0.13120103
A24: 3.1 | B24: COSTOS OFICINA (ARRENDAMIENTO,ADMINISTRACIÓN Y SERVICIOS PÚLBICOS, MANTENIMIENTO DE OFICINAS, ASEO, VIGILANCIA, SEGUROS DE ROBO E INCENDIO, ALQUILER (O DEPRECIACIÓN) Y MANTENIMIENTO DE VEHÍCULOS DE ADMINISTRACIÓN Y GERENCIA, ASOCIACIONES PROFESIONALES, DOCUMENTACIÓN TÉCNICA, REVISTAS, REPRESENTACIÓN Y PROMOCIÓN, PREPARACIÓN Y EDICIÓN DE PROPUESTAS, GASTOS DE VIAJE, GASTOS DE REPRESENTACIÓN) | C24: 1 | D24: 2500000 | E24: 0.2 | F24: 6 | G24: =+C24*D24*E24*F24 -> 3000000 | H24: =+IFERROR(G24/INTERVENTORIA!$I$20,"") -> 0.051653947
A25: 3.2 | B25: PAPELERÍA DE LA OFICINA DEL CONSULTOR PARA USO DEL PROYECTO (CAFETERÍA Y OTROS GASTOS FUNCIONAMIENTO | C25: 1 | D25: 400000 | E25: 0.2 | F25: 6 | G25: =+C25*D25*E25*F25 -> 480000 | H25: =+IFERROR(G25/INTERVENTORIA!$I$20,"") -> 0.0082646315
A26: 3.3 | B26: MUEBLES Y EQUIPOS DE OFICINA, PAGO PROGRAMAS, SISTEMATIZACIÓN Y ACTUALIZACIÓN TECNOLÓGICA, RACK. | C26: 1 | D26: 1200000 | E26: 0.2 | F26: 6 | G26: =+C26*D26*E26*F26 -> 1440000 | H26: =+IFERROR(G26/INTERVENTORIA!$I$20,"") -> 0.024793895
A27: 3.4 | B27: PERSONAL ADMINISTRATIVO, TÉCNICO Y NO TÉCNICO, NO FACTURABLE, ENTRENAMIENTO DE PERSONAL, CAPACITACIÓN Y ACTUALIZACIÓN TÉCNICA (CURSOS, SEMINARIOS, CONGRESOS). | C27: 1 | D27: 2000000 | E27: 0.1 | F27: 6 | G27: =+C27*D27*E27*F27 -> 1200000 | H27: =+IFERROR(G27/INTERVENTORIA!$I$20,"") -> 0.020661579
A28: 3.5 | B28: ASESORÍA CONTABLE, TRIBUTARIA (REVISORÍA FISCAL) Y MÉDICA | C28: 1 | D28: 2500000 | E28: 0.1 | F28: 6 | G28: =+C28*D28*E28*F28 -> 1500000 | H28: =+IFERROR(G28/INTERVENTORIA!$I$20,"") -> 0.025826973
A29: 4 | B29: GASTOS DE LEGALIZACIÓN DE CONTRATO | H29: =SUM(H30:H31) -> 0.26457668
A30: 4.1 | B30: PÓLIZAS | G30: =+'POLIZAS INTERVENTORIA'!G21 -> 751060.46 | H30: ='POLIZAS INTERVENTORIA'!$G$22 -> 0.004474617
A31: 4.2 | B31: ESTAMPILLAS | G31: =IFERROR(IF(SUM(G32:G35)=0,"",SUM(G32:G35)),"") -> 15106419 | H31: =SUM(H32:H35) -> 0.26010206
A32: 4.2.1 | B32: Pro Hospital | C32: 0.01 | D32: =+IF(INTERVENTORIA!$I$20=0,"",IF(B32="","",INTERVENTORIA!$I$39)) -> 1.678491e+08 | G32: =+IFERROR(IF(C32*D32=0,"",C32*D32),"") -> 1678491 | H32: =+IFERROR(G32/INTERVENTORIA!$I$20,"") -> 0.028900229 | I32: COLOCAR LAS ESTAMPILLAS APLICABLES AL MUNICIPIO
A33: 4.2.2 | B33: Pro cultura | C33: 0.02 | D33: =+IF(INTERVENTORIA!$I$20=0,"",IF(B33="","",INTERVENTORIA!$I$39)) -> 1.678491e+08 | G33: =+IFERROR(IF(C33*D33=0,"",C33*D33),"") -> 3356982.1 | H33: =+IFERROR(G33/INTERVENTORIA!$I$20,"") -> 0.057800458
A34: 4.2.3 | B34: Pro Anciano | C34: 0.04 | D34: =+IF(INTERVENTORIA!$I$20=0,"",IF(B34="","",INTERVENTORIA!$I$39)) -> 1.678491e+08 | G34: =+IFERROR(IF(C34*D34=0,"",C34*D34),"") -> 6713964.2 | H34: =+IFERROR(G34/INTERVENTORIA!$I$20,"") -> 0.11560092
A35: 4.2.4 | B35: Pro Deporte y Recreación | C35: 0.02 | D35: =+IF(INTERVENTORIA!$I$20=0,"",IF(B35="","",INTERVENTORIA!$I$39)) -> 1.678491e+08 | G35: =+IFERROR(IF(C35*D35=0,"",C35*D35),"") -> 3356982.1 | H35: =+IFERROR(G35/INTERVENTORIA!$I$20,"") -> 0.057800458
A36: 5 | B36: HONORARIOS | H36: =SUM(H37) -> 0.14941422
A37: 4.1 | B37: HONORARIOS | G37: 0.08 | H37: =+IFERROR(G37*(H29+H23+H9+H7),"") -> 0.14941422 | I37: ENTRE 8% Y 12%
A38: SUBTOTAL | H38: =IFERROR(SUM(H36,H29,H23,H9,H7),"") -> 2.0170919
A39: FACTOR MULTIPLICADOR AJUSTADO A 2 CIFRAS DECIMALES | H39: =+IFERROR(ROUND(H38,2),"") -> 2.02
B49: SECRETARIA DE PLANEACIÓN E INFRAESTRUCTURA

Sheet POLIZAS INTERVENTORIA
A1: DEPARTAMENTO DE ANTIOQUIA
A2: ='DATOS INICIALES'!B6 -> MUNICIPIO DE DABEIBA
A3: ='DATOS INICIALES'!B3 -> AMPLIACIÓN DEL SISTEMA DE ALCANTARILLADO EN SECTOR DEL BARRIO PABLO VI DEL MUNICIPIO DE DABEIBA ANTIOQUIA
A5: CÁLCULO DE PÓLIZAS DE OBRA
A6: VALOR DEL CONTRATO ( $ ) | B6: =INTERVENTORIA!I39 -> 1.678491e+08 | C6: =IFERROR(B6/'DATOS INICIALES'!B12,"") -> 117.91296
A7: PLAZO DEL CONTRATO | B7: ='DATOS INICIALES'!B18 -> 1 | C7: =+IFERROR(B7*30,"") -> 30
A8: ANTICIPO | B8: 0 | C8: =+IFERROR(B8*B6,"") -> 0
A10: TIPO DE GARANTÍA | B10: VALOR ASEGURADO | E10: COBERTURA ( DÍAS ) | F10: TASA ANUAL | G10: PRIMA
B11: % | C11: BASE | D11: VALOR
A12: CUMPLIMIENTO | B12: 0.2 | C12: =$B$6 -> 1.678491e+08 | D12: =IFERROR(B12*C12,"") -> 33569821 | E12: =IFERROR($C$7+180,"") -> 210 | F12: 0.002 | G12: =IFERROR(F12*D12*E12/360,"") -> 39164.791
A13: BUEN MANEJO Y CORRECTA INVERSIÓN DEL ANTICIPO | B13: 1 | C13: =$C$8 -> 0 | D13: =IFERROR(B13*C13,"") -> 0 | E13: =IFERROR($C$7+180,"") -> 210 | F13: 0.0015 | G13: =IFERROR(F13*D13*E13/360,"") -> 0
A14: SALARIOS Y PRESTACIONES SOCIALES | B14: 0.2 | C14: =$B$6 -> 1.678491e+08 | D14: =IFERROR(B14*C14,"") -> 33569821 | E14: =IFERROR($C$7+1080,"") -> 1110 | F14: 0.0015 | G14: =IFERROR(F14*D14*E14/360,"") -> 155260.42
A15: CALIDAD DEL SERVICIO | B15: 0.2 | C15: =$B$6 -> 1.678491e+08 | D15: =IFERROR(B15*C15,"") -> 33569821 | E15: =IF($B$6="","",1800) -> 1800 | F15: 0.0022 | G15: =IFERROR(F15*D15*E15/360,"") -> 369268.03
A16: DECRETO 1082 SMMLV RESPONSABILIDAD CIVIL | B16: SMMLV | C16: MONTO ASEGURABLE | E16: PLAZO MESES | F16: TASA ANUAL | G16: PRIMA
A17: =+IF(B6="","",IF(C6<=1500,200,IF(C6<=2500,300,IF(C6<=5000,400,IF(C6<=10000,500,"5%"))))) -> 200 | B17: ='DATOS INICIALES'!B12 -> 1423500 | C17: =IFERROR(IF(C6>10000,B6+5%,A17*B17),"") -> 284700000 | E17: =B7 -> 1 | F17: 0.002 | G17: =IFERROR(F17*E17*C17/12,"") -> 47450
A18: SUBTOTAL PRIMA | G18: =IF(SUM(G12:G15,G17)=0,"",SUM(G12:G15,G17)) -> 611143.24
A19: GASTOS DE EXPEDICIÓN | G19: =IF(G19="","",20000) -> 20000
A20: IVA | G20: =IFERROR((G18+G19)*0.19,"") -> 119917.22
A21: TOTAL POLIZAS | G21: =IF(G18="","",SUM(G18:G20)) -> 751060.46
A22: % | G22: =$G$21/$B$6 -> 0.004474617
A30: SECRETARIA DE PLANEACIÓN E INFRAESTRUCTURA

Sheet PAPSO INTERVENTORIA
A1: DEPARTAMENTO DE ANTIOQUIA
A2: ='DATOS INICIALES'!B2 -> MUNICIPIO DE DABEIBA
A3: ='DATOS INICIALES'!B3 -> AMPLIACIÓN DEL SISTEMA DE ALCANTARILLADO EN SECTOR DEL BARRIO PABLO VI DEL MUNICIPIO DE DABEIBA ANTIOQUIA
A5: PAPSO INTERVENTORIA
A8: 5 | B8: PAPSO | C8: Unidad de medida | D8: Ocasión | E8: Cant. Mensual | F8: Cant.max y Especificación | G8: Valor Unitario | H8: Valor total
A9: 4.1 | B9: SISO (10% de dedicación) | C9: Und/mes | D9: 6 | E9: 1 | G9: ='INSUMOS MANO DE OBRA'!D61*'INSUMOS MANO DE OBRA'!E61 -> 4640610 | H9: =D9*E9*G9*0.1 -> 2784366
A10: 4.2 | B10: Alcohol antiseptico al 70% | C10: Litro | D10: 6 | E10: =3*0.006*30 -> 0.54 | F10: 0,006 Litro por día por persona - Antiséptico 70%. Ingrediente activo alcohol etílico potabilizado al 96%. Debe contar con registro INVIMA | G10: 9000 | H10: =D10*E10*G10 -> 29160
A11: 4.3 | B11: Gel antibacterial | C11: Litro | D11: 6 | E11: =0.003*3*30 -> 0.27 | F11: 0,003 litros por día por persona - No requiere enjuague. Antiséptico para manos. Anticorrosivo. PH entre 6 y 7,5. Gel en base Glicerina + Alcohol antiséptico al 70%. Contenido de agua máximo 30%. Adicionado con emulientes y humectantes. Debe contar con registro INVIMA | G11: 11085 | H11: =D11*E11*G11 -> 17957.7
A12: 4.4 | B12: Jabón líquido antibacterial | C12: Litro | D12: 6 | E12: =0.005*D12*30*3 -> 2.7 | F12: 0,005 litros por día por persona - Agente limpiador 6%. Agente humectante 3%, PH 5,5 a 7,0. | G12: 3995 | H12: =D12*E12*G12 -> 64719
A13: 4.5 | B13: Hipoclorito de uso doméstico | C13: Litro | D13: 6 | E13: =3*0.05*1*0.15*30 -> 0.675 | F13: 0,05 litros por cada litro de solución a 2500 ppm, para lavado rutinario. Hipoclorito de sodio al 5%(NaOCl), solución acuosa, libre de partículas, de control bacteriológico y microbiológico. | G13: 2774 | H13: =D13*E13*G13 -> 11234.7
A14: 4.6 | B14: Tapabocas reutilizable en tela | C14: Unidad | D14: 6 | E14: =4*3 -> 12 | F14: 4 unidades por mes por persona - Se deben seguir las especificaciones de la Resolución 666 del 24 de abril de 2020 y el documento soporte GIPS18 expedidos por el Ministerio de Salud | G14: 1000 | H14: =D14*E14*G14 -> 72000
A15: 4.7 | B15: Guantes de nitrilo | C15: Par | D15: 6 | E15: =8*3 -> 24 | F15: 2 pares por semana por persona - NTC 2190; UNE EN 374, UNE EN 388, UNE EN 420, UNE EN 455. No esteril. Reutilizables o lavables de calibre de 0.05 mm o 2 mils. | G15: 598 | H15: =D15*E15*G15 -> 86112
A16: 4.8 | B16: Termómetro digital infrarrojo | C16: Unidad | D16: 1 | E16: 1 | F16: 1 por la obra, Sensibilidad a 0.1 °C. Debe ser específicamente diseñado para leer temperatura corporal y no para cualquier superficie. | G16: 299000 | H16: 299000
A17: 4.9 | B17: Bomba de espalda | C17: Unidad | D17: 1 | E17: 1 | F17: 1 por la obra, Aspersor tipo agrícola, portátil, 20 lts de capacidad con sistema, con bomba de acción manual, válvula de descompresión, boquillas plásticas y válvula de diafragma para regular el flujo | G17: 499600 | H17: 499600
B18: SUBTOTAL PAPSO | H18: =SUM(H9:H17) -> 3864149.4
B27: SECRETARIA DE PLANEACIÓN E INFRAESTRUCTURA

Sheet MEMORIAS
A1: ='DATOS INICIALES'!$B$1 -> DEPARTAMENTO DE ANTIOQUIA
A2: ='DATOS INICIALES'!$B$2 -> MUNICIPIO DE DABEIBA
A3: ='DATOS INICIALES'!$B$3 -> AMPLIACIÓN DEL SISTEMA DE ALCANTARILLADO EN SECTOR DEL BARRIO PABLO VI DEL MUNICIPIO DE DABEIBA ANTIOQUIA
A5: MEMORIA DE CANTIDADES
A7: ITEM | B7: DESCRIPCIÓN | G7: UNIDAD | H7: CANTIDAD
A8: =+PRESUPUESTO!A9 -> 1.1 | B8: =+PRESUPUESTO!D9 -> Trazado localización y replanteo para tramo de alcantarillado y control permanente de alineamientos | G8: ML | H8: =IFERROR(ROUND(IF(SUM(H11:H13)=0,"",SUM(H11:H13)),0),"") -> 84
A10: DETALLE | C10: FACTOR | D10: CANTIDAD | E10: A (ML) | F10: B(M2) | G10: C(M3) | H10: TOTAL
A11: 1.1 | B11: sector a intervenir pablo VI | E11: 84 | H11: =+E11 -> 84
H13: =+IF(A13=0,"",IF(AND(E13=0,F13=0,G13=0),C13*D13,IF(AND(F13=0,G13=0),C13*D13*E13,IF(G13=0,C13*D13*E13*F13,C13*D13*E13*F13*G13))))
A14: =+"TOTAL CANTIDAD ITEM "&A9 -> TOTAL CANTIDAD ITEM | H14: =IFERROR(ROUND(IF(SUM(H11:H13)=0,"",SUM(H11:H13)),0),"") -> 84
A17: ='DATOS INICIALES'!$B$1 -> DEPARTAMENTO DE ANTIOQUIA
A18: ='DATOS INICIALES'!$B$2 -> MUNICIPIO DE DABEIBA
A19: ='DATOS INICIALES'!$B$3 -> AMPLIACIÓN DEL SISTEMA DE ALCANTARILLADO EN SECTOR DEL BARRIO PABLO VI DEL MUNICIPIO DE DABEIBA ANTIOQUIA
A21: MEMORIA DE CANTIDADES
A23: ITEM | B23: DESCRIPCIÓN | G23: UNIDAD | H23: CANTIDAD
A24: =+PRESUPUESTO!A10 -> 1.2 | B24: =+PRESUPUESTO!D10 -> excavacion de material heterogeneo a una pofundiad entre 1.20m - 1.50m, incluye retiro, transporte y disposicion final de material resultante de las actividades | G24: =+PRESUPUESTO!E11 -> ml | H24: =IFERROR(ROUND(IF(SUM(H27:H29)=0,"",SUM(H27:H29)),0),"") -> 34
A26: DETALLE | C26: FACTOR | D26: CANTIDAD | E26: A (ML) | F26: B(M2) | G26: C(M3) | H26: TOTAL
A27: 1.1 | B27: excavación en sector a intervenir pablo VI | C27: 1 | D27: 1 | E27: 84 | F27: 1 | G27: 0.4 | H27: =+IF(A27=0,"",IF(AND(E27=0,F27=0,G27=0),C27*D27,IF(AND(F27=0,G27=0),C27*D27*E27,IF(G27=0,C27*D27*E27*F27,C27*D27*E27*F27*G27)))) -> 33.6
H28: =+D28*E28 -> 0
A30: =+"TOTAL CANTIDAD ITEM "&A25 -> TOTAL CANTIDAD ITEM | H30: =IFERROR(ROUND(IF(SUM(H27:H29)=0,"",SUM(H27:H29)),0),"") -> 34
A32: ='DATOS INICIALES'!$B$1 -> DEPARTAMENTO DE ANTIOQUIA
A33: ='DATOS INICIALES'!$B$2 -> MUNICIPIO DE DABEIBA
A34: ='DATOS INICIALES'!$B$3 -> AMPLIACIÓN DEL SISTEMA DE ALCANTARILLADO EN SECTOR DEL BARRIO PABLO VI DEL MUNICIPIO DE DABEIBA ANTIOQUIA
A36: MEMORIA DE CANTIDADES
A38: ITEM | B38: DESCRIPCIÓN | G38: UNIDAD | H38: CANTIDAD
A39: =+PRESUPUESTO!A11 -> 1.3 | B39: =+PRESUPUESTO!D11 -> suministro e instalacion de tuberia novafort 8 ", incluye transportes, arenas y material granular necesarios para su correcto funcionamiento | G39: ml | H39: =+H45 -> 84
A41: DETALLE | C41: FACTOR | D41: CANTIDAD | E41: A (ML) | F41: B(M2) | G41: C(M3) | H41: TOTAL | J41: 8 casas
A42: 1.1 | B42: sector a intervenir pablo VI | E42: 84 | H42: =+E42 -> 84
H43: =+E43*F43*G43 -> 0
A45: =+"TOTAL CANTIDAD ITEM "&A40 -> TOTAL CANTIDAD ITEM | H45: =+H42+H43 -> 84
A47: ='DATOS INICIALES'!$B$1 -> DEPARTAMENTO DE ANTIOQUIA
A48: ='DATOS INICIALES'!$B$2 -> MUNICIPIO DE DABEIBA
A49: ='DATOS INICIALES'!$B$3 -> AMPLIACIÓN DEL SISTEMA DE ALCANTARILLADO EN SECTOR DEL BARRIO PABLO VI DEL MUNICIPIO DE DABEIBA ANTIOQUIA
A51: MEMORIA DE CANTIDADES
A53: ITEM | B53: DESCRIPCIÓN | G53: UNIDAD | H53: CANTIDAD
A54: =+PRESUPUESTO!A12 -> 1.4 | B54: =+PRESUPUESTO!D12 -> suministro e instalacion de silla yee 8x4 en acometidas de viviendas, incluye transporte y todo lo necesario para su correcto funcionamiento | G54: und | H54: =IFERROR(ROUND(IF(SUM(H57:H59)=0,"",SUM(H57:H59)),0),"") -> 8
A56: DETALLE | C56: FACTOR | D56: CANTIDAD | E56: A (ML) | F56: B(M2) | G56: C(M3) | H56: TOTAL
A57: 1.1 | B57: viviendas pablo VI | D57: 8 | H57: =+D57 -> 8
H58: =+D58 -> 0
A60: =+"TOTAL CANTIDAD ITEM "&A55 -> TOTAL CANTIDAD ITEM | H60: =IFERROR(ROUND(IF(SUM(H57:H59)=0,"",SUM(H57:H59)),0),"") -> 8
A63: ='DATOS INICIALES'!$B$1 -> DEPARTAMENTO DE ANTIOQUIA
A64: ='DATOS INICIALES'!$B$2 -> MUNICIPIO DE DABEIBA
A65: ='DATOS INICIALES'!$B$3 -> AMPLIACIÓN DEL SISTEMA DE ALCANTARILLADO EN SECTOR DEL BARRIO PABLO VI DEL MUNICIPIO DE DABEIBA ANTIOQUIA
A67: MEMORIA DE CANTIDADES
A69: ITEM | B69: DESCRIPCIÓN | G69: UNIDAD | H69: CANTIDAD
A70: =+PRESUPUESTO!A13 -> 1.5 | B70: =+PRESUPUESTO!D13 -> Relleno con material de excavación | G70: und | H70: =IFERROR(ROUND(IF(SUM(H73:H75)=0,"",SUM(H73:H75)),0),"") -> 19
A72: DETALLE | C72: FACTOR | D72: CANTIDAD | E72: A (ML) | F72: B(M2) | G72: C(M3) | H72: TOTAL
A73: 1.1 | B73: brecha excavada | D73: 1 | E73: 84 | F73: 0.5 | G73: 0.45 | H73: =+E73*F73*G73 -> 18.9
H74: =+D74 -> 0
A76: =+"TOTAL CANTIDAD ITEM "&A71 -> TOTAL CANTIDAD ITEM | H76: =IFERROR(ROUND(IF(SUM(H73:H75)=0,"",SUM(H73:H75)),0),"") -> 19
A79: ='DATOS INICIALES'!$B$1 -> DEPARTAMENTO DE ANTIOQUIA
A80: ='DATOS INICIALES'!$B$2 -> MUNICIPIO DE DABEIBA
A81: ='DATOS INICIALES'!$B$3 -> AMPLIACIÓN DEL SISTEMA DE ALCANTARILLADO EN SECTOR DEL BARRIO PABLO VI DEL MUNICIPIO DE DABEIBA ANTIOQUIA
A83: MEMORIA DE CANTIDADES
A85: ITEM | B85: DESCRIPCIÓN | G85: UNIDAD | H85: CANTIDAD
A86: =+PRESUPUESTO!#REF! -> #REF! | B86: =+PRESUPUESTO!#REF! -> #REF! | G86: und | H86: =IFERROR(ROUND(IF(SUM(H89:H91)=0,"",SUM(H89:H91)),0),"") -> 1
A88: DETALLE | C88: FACTOR | D88: CANTIDAD | E88: A (ML) | F88: B(M2) | G88: C(M3) | H88: TOTAL
A89: 1.1 | B89: caja de registro | D89: 1 | H89: =+D89 -> 1
H90: =+D90 -> 0
A92: =+"TOTAL CANTIDAD ITEM "&A87 -> TOTAL CANTIDAD ITEM | H92: =IFERROR(ROUND(IF(SUM(H89:H91)=0,"",SUM(H89:H91)),0),"") -> 1

Sheet INSUMOS MATERIALES
A1: DEPARTAMENTO DE ANTIOQUIA
A2: ='DATOS INICIALES'!B6 -> MUNICIPIO DE DABEIBA
A3: ='DATOS INICIALES'!B3 -> AMPLIACIÓN DEL SISTEMA DE ALCANTARILLADO EN SECTOR DEL BARRIO PABLO VI DEL MUNICIPIO DE DABEIBA ANTIOQUIA
A5: LISTADO DE INSUMOS - MATERIALES
A7: CÓDIGO | B7: DESCRIPCIÓN | C7: UNIDAD | D7: VALOR UNITARIO
B8: APU AUXILIARES
A9: MA001 | B9: CONCRETO 2000 PSI (140 MPA) EN OBRA | C9: M3 | D9: =IFERROR(VLOOKUP(A9,APUAUXILIARES,7,0),"") -> 117049
A10: MA002 | B10: CONCRETO 2500 PSI (175 MPA) EN OBRA | C10: M3 | D10: =IFERROR(VLOOKUP(A10,APUAUXILIARES,7,0),"") -> 671549
A11: MA003 | B11: CONCRETO 3000 PSI (210 MPA) EN OBRA | C11: M3 | D11: =IFERROR(VLOOKUP(A11,APUAUXILIARES,7,0),"") -> 559115
A12: MA004 | B12: CONCRETO 3500 PSI (245 MPA) EN OBRA | C12: M3 | D12: =IFERROR(VLOOKUP(A12,APUAUXILIARES,7,0),"") -> 133675
A13: MA005 | B13: CONCRETO 4000 PSI (280 MPA) EN OBRA | C13: M3 | D13: =IFERROR(VLOOKUP(A13,APUAUXILIARES,7,0),"") -> 141065
A14: MA006 | B14: MORTERO 1:2 EN OBRA (REVOQUE) | C14: M3 | D14: =IFERROR(VLOOKUP(A14,APUAUXILIARES,7,0),"") -> 88672
A15: MA007 | B15: MORTERO 1:2 EN OBRA (GROUT) | C15: M3 | D15: =IFERROR(VLOOKUP(A15,APUAUXILIARES,7,0),"") -> 99510
A16: MA008 | B16: MORTERO 1:3 EN OBRA (REVOQUE) | C16: M3 | D16: =IFERROR(VLOOKUP(A16,APUAUXILIARES,7,0),"") -> 103555
A17: MA009 | B17: MORTERO 1:3 EN OBRA (GROUT) | C17: M3 | D17: =IFERROR(VLOOKUP(A17,APUAUXILIARES,7,0),"") -> 103555
A18: MA010 | B18: MORTERO 1:3 EN OBRA (PEGA) | C18: M3 | D18: =IFERROR(VLOOKUP(A18,APUAUXILIARES,7,0),"") -> 103555
A19: MA011 | B19: MORTERO 1:4 EN OBRA (REVOQUE) | C19: M3 | D19: =IFERROR(VLOOKUP(A19,APUAUXILIARES,7,0),"") -> 103847
A20: MA012 | B20: MORTERO 1:4 EN OBRA (GROUT) | C20: M3 | D20: =IFERROR(VLOOKUP(A20,APUAUXILIARES,7,0),"") -> 103847
A21: MA013 | B21: MORTERO 1:4 EN OBRA (PEGA) | C21: M3 | D21: =IFERROR(VLOOKUP(A21,APUAUXILIARES,7,0),"") -> 103847
A22: MA014 | B22: MORTERO 1:5 EN OBRA (REVOQUE) | C22: M3 | D22: =+IFERROR(VLOOKUP(A22,APU_AUXILIARES,7,0),"")
A23: MA015 | B23: MORTERO 1:5 EN OBRA (PEGA) | C23: M3 | D23: =+IFERROR(VLOOKUP(A23,APU_AUXILIARES,7,0),"")
A24: MA016 | B24: MORTERO 1:6 EN OBRA (PEGA) | C24: M3 | D24: =+IFERROR(VLOOKUP(A24,APU_AUXILIARES,7,0),"")
A25: MA017 | B25: FORMALETA PARA MUROS, ALETAS, DISIPADORES Y ESTRIBOS (6 USOS) | C25: M2 | D25: =+IFERROR(VLOOKUP(A25,APU_AUXILIARES,7,0),"")
A26: MA018 | B26: acero de refuero fy=4200 KG/cm2 | C26: kg | D26: 9800
A27: MA019 | D27: =+IFERROR(VLOOKUP(A27,APU_AUXILIARES,7,0),"")
B28: MATERIALES
A29: MA020 | B29: teja 2 mm 5.9x1.13 mm blanco UPVC | C29: UND | D29: 55482
A30: MA021 | B30: cemento x 50 kg | C30: UND | D30: 40000
A31: MA022 | B31: tabla madera comun 3x0.20 | C31: UND | D31: 18000
A32: MA023 | B32: herraje en angulo 3.16x1.1/2" - 60x60 | C32: UND | D32: 225000 | E32: =34000*1.19 -> 40460
A33: MA085 | B33: Grapa 3/4Doble Oreja | C33: UND | D33: 1000
A34: MA024 | B34: Amarre Teja Tapa Metálica 26cm Cal 18 | C34: UND | D34: 500
A35: MA025 | B35: pintura base de aceite | C35: gl | D35: 126500
A36: MA026 | B36: Grifería Institucional De Mesa Tipo Push Para Lavamanos | C36: UND | D36: 280000
A37: MA027 | B37: Kit Lavamos Con Desague Sencillo Con Repuesto | C37: UND | D37: 40000
A38: MA028 | B38: tiner/garrafa | C38: UND | D38: 20000
A39: MA029 | B39: cinta de enmascarar | C39: UND | D39: 12000
A40: MA029 | B40: Cable #10 100M ROJO | C40: ml | D40: 4800
A41: MA030 | B41: arena fina | C41: m3 | D41: 95000
A42: MA031 | B42: Taco 2 polos 40 amperios LX enchufe DSE | C42: UN | D42: 82000
A43: MA032 | B43: Grifería Tanque Conjunto Hidrostatica Entrada-Salida | C43: UND | D43: 85000
A44: MA033 | B44: TOMA HEMBRA LEVINTON | C44: UND | D44: 8200
... A76: MA063 | B76: Canal Base 6 2-1/2 x 1pg | C76: und | D76: 9600
A77: MA064 | B77: Propack Cinta Papel Sellapanel 2X150 Metros | C77: ml | D77: 350 | E77: =613600/6 -> 102266.67
A78: MA065 | B78: placa fibrocemento 10 mm | C78: m2 | D78: 35000 | E78: =426400/6 -> 71066.667
A79: MA066 | B79: CAJA 2X4 | C79: UND | D79: 2000
A80: MA067 | B80: PLAFON SENCILLO | C80: UND | D80: 5100
A81: MA068 | B81: CAJA OCTAGONAL | C81: UND | D81: 1900
A82: MA069 | B82: INTERRUPTOR | C82: UND | D82: 7800 | E82: 275000 | F82: =+E82/6 -> 45833.333
A83: MA070 | B83: lubricante para instalación de tuberia | C83: ml | D83: 20000 | E83: 89000 | F83: =+E83/6 -> 14833.333
A84: MA071 | B84: Limpiador PVC | C84: 1/4 galon | D84: 27000
A85: MA072 | B85: Bombillo De Led 20w E27 1700 Lúmenes Luz Blanca | C85: UND | D85: 15000 | E85: 17800 | F85: =+E85/6 -> 2966.6667
A86: MA073 | B86: orinal mediano con griferia tradicional | C86: und | D86: 485000
A87: MA074 | B87: chasos y tornillos de ensamble | C87: unidad | D87: 5000
A88: MA075 | B88: TUBERIA SCH 40 DE 3/4 | C88: ML | D88: 12200
A89: MA076 | B89: Caja O Tablero Para 6 Tacos Homologada Certificada | C89: unidad | D89: 105000
A90: MA077 | B90: CAJA 4X4 CON TAPA LISA | C90: UND | D90: 4000 | E90: =1900000/6 -> 316666.67
A91: MA078 | B91: Cable encauchetado 2x14 | C91: ml | D91: 7150
A92: MA079 | B92: TUBO EMT 1/2 | C92: ML | D92: 8000 | E92: =2915000/6.5 -> 448461.54
A93: MA080 | B93: UNION EMT 1/2 | C93: unidad | D93: 2000
A94: MA081 | B94: CURVA EMT 1/2 | C94: UND | D94: 10100
A95: MA082 | B95: CABLE N°12 BLANCO | C95: ML | D95: 3200
A96: MA083 | B96: CABLE N° 12 VERDE | C96: ML | D96: 3200
A97: MA084 | B97: CABLE N°12 ROJA | C97: ML | D97: 3200
A98: MA085 | B98: Grapa 3/4Doble Oreja | C98: UND | D98: 1000
A99: MA086 | B99: Panel Led Redondo De Incrustar 18w Luz Fria | C99: und | D99: 31000
A100: MA087 | B100: BASE DE FOTOCELDA | C100: UND | D100: 65000
A101: MA088 | B101: Reflector Led 200 w | C101: und | D101: 255000
A102: MA089 | B102: Canal amazonas blanca | C102: m | D102: 25000
A103: MA090 | B103: Grapas y otros | C103: kg | D103: 7800
A104: MA091 | B104: CABLE 7 HILOS N° 8 | C104: ML | D104: 8430
... A106: MA093 | B106: Tablero Monofásico Enchufable 8 Circuitos 75Amp 120V C/Puerta | C106: UND | D106: 120000
A107: MA094
A108: MA095
B114: MARLON A PEREZ HERRERA
B115: INGENIERO BANCO DE PROYECTOS

Sheet APU AUXILIARES
A1: ='DATOS INICIALES'!$B$1 -> DEPARTAMENTO DE ANTIOQUIA
A2: ='DATOS INICIALES'!$B$2 -> MUNICIPIO DE DABEIBA
A3: ='DATOS INICIALES'!$B$3 -> AMPLIACIÓN DEL SISTEMA DE ALCANTARILLADO EN SECTOR DEL BARRIO PABLO VI DEL MUNICIPIO DE DABEIBA ANTIOQUIA
A5: ANÁLISIS DE PRECIOS UNITARIOS
A7: ITEM | B7: DESCRIPCIÓN | E7: UNIDAD | F7: CANTIDAD | G7: COSTO DIRECTO
A8: MA001 | B8: =+IFERROR(VLOOKUP($A8,INSUMOSMATERIALES,2,0),"") -> CONCRETO 2000 PSI (140 MPA) EN OBRA | E8: =+IFERROR(VLOOKUP($A8,INSUMOSMATERIALES,3,0),"") -> M3 | F8: N.D | G8: =IF(G57=0,"",G47) -> 117049
A10: 1. COSTOS DIRECTOS
A12: I. EQUIPO
A13: CÓDIGO | B13: DESCRIPCIÓN | D13: UNIDAD | E13: TARIFA | F13: RENDIMIENTO | G13: VR. UNITARIO
A14: =IF(B14="","",INDEX(CODIGOEQUIPOS,MATCH($B14,'INSUMOS EQUIPOS'!$B$7:$B$39,0))) -> EQ004 | B14: CONCRETADORA 1.5 SACOS A GASOLINA | D14: =IF(B14="","",(VLOOKUP($A14,INSUMOSEQUIPOS,3,0))) -> DÍA | E14: =IF(B14="","",(VLOOKUP($A14,INSUMOSEQUIPOS,4,0))) -> 62000 | F14: 8 | G14: =+IFERROR(E14/F14,"") -> 7750
A15: =+IF(G38="","","EQ001") -> EQ001 | B15: =+IF($A15="","",IFERROR(VLOOKUP($A15,INSUMOSEQUIPOS,2,0),"")) -> HERRAMIENTA MENOR (10% DE LA MANO DE OBRA) | D15: =+IF($A15="","",IFERROR(VLOOKUP($A15,INSUMOSEQUIPOS,3,0),"")) -> % | E15: =+IF($A15="","",IFERROR(VLOOKUP($A15,INSUMOSEQUIPOS,4,0),"")) -> 0.1 | F15: =+IF(G38=0,"",G38) -> 58453.375 | G15: =+IFERROR(E15*F15,"") -> 5845.3375
F16: SUBTOTAL | G16: =+IF(SUM(G14:G15)=0,"",SUM(G14:G15)) -> 13595.338
A18: II. MATERIALES
A19: CÓDIGO | B19: DESCRIPCIÓN | C19: UNIDAD | D19: CANTIDAD | E19: DESP. | F19: PRECIO UNIT. | G19: VR. UNITARIO
A20: =IF(B20="","",INDEX(CODIGOMATERIALES,MATCH($B20,'INSUMOS MATERIALES'!$B$7:$B$54,0))) -> #N/A | B20: CEMENTO GRIS (50 KG) PORTLAND TIPO I | C20: =IF(B20="","",(VLOOKUP($A20,INSUMOSMATERIALES,3,0))) -> #N/A | D20: 6 | E20: 0.05 | F20: =IF(B20="","",(VLOOKUP($A20,INSUMOSMATERIALES,4,0))) -> #N/A | G20: =+IFERROR(F20*D20*(1+E20),"")
A21: =IF(B21="","",INDEX(CODIGOMATERIALES,MATCH($B21,'INSUMOS MATERIALES'!$B$7:$B$54,0))) -> #N/A | B21: MATERIAL MIXTO DE RIO - | C21: =IF(B21="","",(VLOOKUP($A21,INSUMOSMATERIALES,3,0))) -> #N/A | D21: 1.5 | E21: 0.05 | F21: =IF(B21="","",(VLOOKUP($A21,INSUMOSMATERIALES,4,0))) -> #N/A | G21: =+IFERROR(F21*D21*(1+E21),"")
A22: =IF(B22="","",INDEX(CODIGOMATERIALES,MATCH($B22,'INSUMOS MATERIALES'!$B$7:$B$54,0))) -> #N/A | B22: AGUA | C22: =IF(B22="","",(VLOOKUP($A22,INSUMOSMATERIALES,3,0))) -> #N/A | D22: 170 | E22: 0.1 | F22: =IF(B22="","",(VLOOKUP($A22,INSUMOSMATERIALES,4,0))) -> #N/A | G22: =+IFERROR(F22*D22*(1+E22),"")
A23: =IF(B23="","",INDEX(CODIGOMATERIALES,MATCH($B23,'INSUMOS MATERIALES'!$B$7:$B$54,0))) | C23: =IF(B23="","",(VLOOKUP($A23,INSUMOSMATERIALES,3,0))) | F23: =IF(B23="","",(VLOOKUP($A23,INSUMOSMATERIALES,4,0))) | G23: =+IFERROR(F23*D23*(1+E23),"")
F24: SUBTOTAL | G24: =+IF(SUM(G20:G23)=0,"",SUM(G20:G23))
A26: III. TRANSPORTES
A27: CÓDIGO | B27: DESCRIPCIÓN | C27: TIPO | D27: VOLUMEN/PESO | E27: DISTANCIA | F27: TARIFA | G27: VR. UNITARIO
A28: =IF(B28="","",INDEX(CODIGOTRANSPORTES,MATCH(B28,'INSUMOS TRANSPORTES'!$B$7:$B$122,0))) -> TR002 | B28: TRANSPORTE DE MATERIALES DE PLAYA (ARENILLON, PIEDRA RODADA DE RIO DMAX=3/4") 0-10KM | C28: PLAYATRITURADO | D28: 1.5 | E28: 10 | F28: =+IF(B28="","",(VLOOKUP($A28,INSUMOSTRANSPORTES,4,0))) -> 3000 | G28: =+IFERROR(D28*E28*F28,"") -> 45000
A29: =IF(B29="","",INDEX(CODIGOTRANSPORTES,MATCH(B29,'INSUMOS TRANSPORTES'!$B$7:$B$26,0))) -> TR001 | B29: TRANSPORTE DE INSUMOS GENERALES 0-1KM | C29: INSUMOS | D29: =(50*D20)/1000 -> 0.3 | E29: =+IF(C29=0,"",IF(C29="INSUMOS",'DATOS INICIALES'!$B$24,IF(C29="PLAYA",'DATOS INICIALES'!$B$21,IF(C29="TIERRA",'DATOS INICIALES'!$B$19,IF(C29="ESCOMBROS",'DATOS INICIALES'!$B$20,IF(C29="ASFALTO",'DATOS INICIALES'!$B$25,IF(C29="GRANULAR",'DATOS INICIALES'!B23))))))) -> 5 | F29: =+IF(B29="","",(VLOOKUP($A29,INSUMOSTRANSPORTES,4,0))) -> 4250 | G29: =+IFERROR(D29*E29*F29,"") -> 6375
F30: SUBTOTAL | G30: =+IF(SUM(G28:G28)=0,"",SUM(G28:G28)) -> 45000
A32: IV. MANO DE OBRA
A33: CÓDIGO | B33: CARGOS PERSONAL | D33: CANTIDAD | E33: JORNAL TOTAL | F33: RENDIMIENTO | G33: VR. UNITARIO
A34: =IF(B34="","",INDEX(CODIGOSMANODEOBRA,MATCH($B34,'INSUMOS MANO DE OBRA'!$B$7:$B$61,0))) -> MO033 | B34: OPERADOR EQUIPO LIVIANO | D34: 1 | E34: =IF(B34="","",(VLOOKUP($A34,INSUMOSMANODEOBRA,8,0))) -> 104675 | F34: 8 | G34: =+IFERROR(D34*E34/F34,"") -> 13084.375
A35: =IF(B35="","",INDEX(CODIGOSMANODEOBRA,MATCH($B35,'INSUMOS MANO DE OBRA'!$B$7:$B$61,0))) -> MO032 | B35: AYUDANTE RASO | D35: 4 | E35: =IF(B35="","",(VLOOKUP($A35,INSUMOSMANODEOBRA,8,0))) -> 90738 | F35: 8 | G35: =+IFERROR(D35*E35/F35,"") -> 45369
G36: =+IFERROR(D36*E36/F36,"")
F37: =+IF(A37="","",IF(A37=0,"",IF(F36="","",F36))) | G37: =+IFERROR(D37*E37/F37,"")
F38: SUBTOTAL | G38: =+IF(SUM(G34:G37)=0,"",SUM(G34:G37)) -> 58453.375
A40: V. SERVICIOS
A41: CÓDIGO | B41: DESCRIPCIÓN | D41: UNIDAD | E41: CANTIDAD | F41: PRECIO UNIT. | G41: VR. UNITARIO
A42: =IF(B42="","",INDEX(CODIGOSSERVICIOS,MATCH($B42,'INSUMOS SERVICIOS'!$B$7:$B$21,0))) | D42: =+IF(B42="","",(VLOOKUP($A42,INSUMOSSERVICIOS,3,0))) | E42: 1 | F42: =IF(B42="","",(VLOOKUP($A42,INSUMOSSERVICIOS,4,0))) | G42: =+IFERROR(E42*F42,"")
A43: =IF(B43="","",INDEX(CODIGOSSERVICIOS,MATCH($B43,'INSUMOS SERVICIOS'!$B$7:$B$21,0))) | D43: =+IF(B43="","",(VLOOKUP($A43,INSUMOSSERVICIOS,3,0))) | E43: 1 | F43: =IF(B43="","",(VLOOKUP($A43,INSUMOSSERVICIOS,4,0))) | G43: =+IFERROR(E43*F43,"")
D44: =+IF(B44="","",(VLOOKUP($A44,INSUMOS_SERVICIOS,3,0))) | F44: =IF(B44="","",(VLOOKUP($A44,INSUMOS_SERVICIOS,4,0))) | G44: =+IFERROR(E44*F44,"")
F45: SUBTOTAL | G45: =+IF(SUM(G42:G44)=0,"",SUM(G42:G44))
A47: TOTAL COSTO DIRECTO | G47: =IF(SUM(G16,G24,G30,G38,G45)=0,"",(ROUND(SUM(G16,G24,G30,G38,G45),0))) -> 117049
A49: 2. COSTOS INDIRECTOS
A51: DESCRIPCIÓN | F51: PORCENTAJE | G51: VALOR TOTAL
A52: ADMINISTRACION | F52: =AIU!$I$46 -> 0.3416 | G52: =+IFERROR(G47*F52,"") -> 39983.938
A53: IMPREVISTOS | F53: =IF(AIU!$I$47=0,"",AIU!$I47) | G53: =+IFERROR(G47*F53,"")
A54: UTILIDADES | F54: =IF(AIU!$I$48=0,"",AIU!$I48) -> 0.05 | G54: =+IFERROR(G47*F54,"") -> 5852.45
A55: TOTAL COSTO INDIRECTO | F55: =IF(SUM(F52:F54)=0,"",SUM(F52:F54)) -> 0.3916 | G55: =IF(SUM(G52:G54)=0,"",ROUND(SUM(G52:G54),0)) -> 45836
A57: PRECIO UNITARIO TOTAL APROXIMADO AL PESO | G57: =+IFERROR(ROUND(G47+G55,0),"") -> 162885
B60: SECRETARIA DE PLANEACIÓN E INFRAESTRUCTURA
D62: FIRMA RESPONSABLE
A64: ='DATOS INICIALES'!$B$1 -> DEPARTAMENTO DE ANTIOQUIA
A65: ='DATOS INICIALES'!$B$2 -> MUNICIPIO DE DABEIBA
A66: ='DATOS INICIALES'!$B$3 -> AMPLIACIÓN DEL SISTEMA DE ALCANTARILLADO EN SECTOR DEL BARRIO PABLO VI DEL MUNICIPIO DE DABEIBA ANTIOQUIA
A68: ANÁLISIS DE PRECIOS UNITARIOS
A70: ITEM | B70: DESCRIPCIÓN | E70: UNIDAD | F70: CANTIDAD | G70: COSTO DIRECTO
A71: MA002 | B71: =+IFERROR(VLOOKUP($A71,INSUMOSMATERIALES,2,0),"") -> CONCRETO 2500 PSI (175 MPA) EN OBRA | E71: =+IFERROR(VLOOKUP($A71,INSUMOSMATERIALES,3,0),"") -> M3 | F71: N.D | G71: =IF(G119=0,"",G109) -> 671549
A73: 1. COSTOS DIRECTOS
A75: I. EQUIPO
A76: CÓDIGO | B76: DESCRIPCIÓN | D76: UNIDAD | E76: TARIFA | F76: RENDIMIENTO | G76: VR. UNITARIO
A77: =IF(B77="","",INDEX(CODIGOEQUIPOS,MATCH($B77,'INSUMOS EQUIPOS'!$B$7:$B$39,0))) -> EQ004 | B77: CONCRETADORA 1.5 SACOS A GASOLINA | D77: =IF(B77="","",(VLOOKUP($A77,INSUMOSEQUIPOS,3,0))) -> DÍA | E77: =IF(B77="","",(VLOOKUP($A77,INSUMOSEQUIPOS,4,0))) -> 62000 | F77: 8 | G77: =+IFERROR(E77/F77,"") -> 7750
A78: =+IF(G100="","","EQ001") -> EQ001 | B78: =+IF($A78="","",IFERROR(VLOOKUP($A78,INSUMOSEQUIPOS,2,0),"")) -> HERRAMIENTA MENOR (10% DE LA MANO DE OBRA) | D78: =+IF($A78="","",IFERROR(VLOOKUP($A78,INSUMOSEQUIPOS,3,0),"")) -> % | E78: =+IF($A78="","",IFERROR(VLOOKUP($A78,INSUMOSEQUIPOS,4,0),"")) -> 0.1 | F78: =+IF(G100=0,"",G100) -> 58453.375 | G78: =+IFERROR(E78*F78,"") -> 5845.3375
F79: SUBTOTAL | G79: =+IF(SUM(G77:G78)=0,"",SUM(G77:G78)) -> 13595.338
A81: II. MATERIALES
A82: CÓDIGO | B82: DESCRIPCIÓN | C82: UNIDAD | D82: CANTIDAD | E82: DESP. | F82: PRECIO UNIT. | G82: VR. UNITARIO
A83: =IF(B83="","",INDEX(CODIGOMATERIALES,MATCH($B83,'INSUMOS MATERIALES'!$B$7:$B$54,0))) -> #N/A | B83: CEMENTO GRIS (50 KG) PORTLAND TIPO I | C83: =IF(B83="","",(VLOOKUP($A83,INSUMOSMATERIALES,3,0))) -> #N/A | D83: 6.5 | E83: 0.05 | F83: =+'INSUMOS MATERIALES'!D30 -> 40000 | G83: =+IFERROR(F83*D83*(1+E83),"") -> 273000
A84: =IF(B84="","",INDEX(CODIGOMATERIALES,MATCH($B84,'INSUMOS MATERIALES'!$B$7:$B$54,0))) -> #N/A | B84: MATERIAL MIXTO DE RIO - | C84: =IF(B84="","",(VLOOKUP($A84,INSUMOSMATERIALES,3,0))) -> #N/A | D84: 1.5 | E84: 0.05 | F84: =+'INSUMOS MATERIALES'!D46 -> 60000 | G84: =+IFERROR(F84*D84*(1+E84),"") -> 94500
A85: =IF(B85="","",INDEX(CODIGOMATERIALES,MATCH($B85,'INSUMOS MATERIALES'!$B$7:$B$54,0))) -> #N/A | B85: AGUA | C85: =IF(B85="","",(VLOOKUP($A85,INSUMOSMATERIALES,3,0))) -> #N/A | D85: 170 | E85: 0.1 | F85: 1000 | G85: =+IFERROR(F85*D85*(1+E85),"") -> 187000
F86: SUBTOTAL | G86: =+IF(SUM(G83:G85)=0,"",SUM(G83:G85)) -> 554500
A88: III. TRANSPORTES
A89: CÓDIGO | B89: DESCRIPCIÓN | C89: TIPO | D89: VOLUMEN/PESO | E89: DISTANCIA | F89: TARIFA | G89: VR. UNITARIO
A90: =IF(B90="","",INDEX(CODIGOTRANSPORTES,MATCH(B90,'INSUMOS TRANSPORTES'!$B$7:$B$122,0))) -> TR002 | B90: TRANSPORTE DE MATERIALES DE PLAYA (ARENILLON, PIEDRA RODADA DE RIO DMAX=3/4") 0-10KM | C90: PLAYATRITURADO | D90: 1.5 | E90: 10 | F90: =+IF(B90="","",(VLOOKUP($A90,INSUMOSTRANSPORTES,4,0))) -> 3000 | G90: =+IFERROR(D90*E90*F90,"") -> 45000
A91: =IF(B91="","",INDEX(CODIGOTRANSPORTES,MATCH(B91,'INSUMOS TRANSPORTES'!$B$7:$B$26,0))) -> TR001 | B91: TRANSPORTE DE INSUMOS GENERALES 0-1KM | C91: INSUMOS | D91: =(50*D83)/1000 -> 0.325 | E91: =+IF(C91=0,"",IF(C91="INSUMOS",'DATOS INICIALES'!$B$24,IF(C91="PLAYA",'DATOS INICIALES'!$B$21,IF(C91="TIERRA",'DATOS INICIALES'!$B$19,IF(C91="ESCOMBROS",'DATOS INICIALES'!$B$20,IF(C91="ASFALTO",'DATOS INICIALES'!$B$25,IF(C91="GRANULAR",'DATOS INICIALES'!B104))))))) -> 5 | F91: =+IF(B91="","",(VLOOKUP($A91,INSUMOSTRANSPORTES,4,0))) -> 4250 | G91: =+IFERROR(D91*E91*F91,"") -> 6906.25
F92: SUBTOTAL | G92: =+IF(SUM(G90:G90)=0,"",SUM(G90:G90)) -> 45000
A94: IV. MANO DE OBRA
A95: CÓDIGO | B95: CARGOS PERSONAL | D95: CANTIDAD | E95: JORNAL TOTAL | F95: RENDIMIENTO | G95: VR. UNITARIO
A96: =IF(B96="","",INDEX(CODIGOSMANODEOBRA,MATCH($B96,'INSUMOS MANO DE OBRA'!$B$7:$B$61,0))) -> MO033 | B96: OPERADOR EQUIPO LIVIANO | D96: 1 | E96: =IF(B96="","",(VLOOKUP($A96,INSUMOSMANODEOBRA,8,0))) -> 104675 | F96: 8 | G96: =+IFERROR(D96*E96/F96,"") -> 13084.375
A97: =IF(B97="","",INDEX(CODIGOSMANODEOBRA,MATCH($B97,'INSUMOS MANO DE OBRA'!$B$7:$B$61,0))) -> MO032 | B97: AYUDANTE RASO | D97: 4 | E97: =IF(B97="","",(VLOOKUP($A97,INSUMOSMANODEOBRA,8,0))) -> 90738 | F97: 8 | G97: =+IFERROR(D97*E97/F97,"") -> 45369
G98: =+IFERROR(D98*E98/F98,"")
F99: =+IF(A99="","",IF(A99=0,"",IF(F98="","",F98))) | G99: =+IFERROR(D99*E99/F99,"")
F100: SUBTOTAL | G100: =+IF(SUM(G96:G99)=0,"",SUM(G96:G99)) -> 58453.375
A102: V. SERVICIOS
A103: CÓDIGO | B103: DESCRIPCIÓN | D103: UNIDAD | E103: CANTIDAD | F103: PRECIO UNIT. | G103: VR. UNITARIO
A104: =IF(B104="","",INDEX(CODIGOSSERVICIOS,MATCH($B104,'INSUMOS SERVICIOS'!$B$7:$B$21,0))) | D104: =+IF(B104="","",(VLOOKUP($A104,INSUMOSSERVICIOS,3,0))) | E104: 1 | F104: =IF(B104="","",(VLOOKUP($A104,INSUMOSSERVICIOS,4,0))) | G104: =+IFERROR(E104*F104,"")
A105: =IF(B105="","",INDEX(CODIGOSSERVICIOS,MATCH($B105,'INSUMOS SERVICIOS'!$B$7:$B$21,0))) | D105: =+IF(B105="","",(VLOOKUP($A105,INSUMOSSERVICIOS,3,0))) | E105: 1 | F105: =IF(B105="","",(VLOOKUP($A105,INSUMOSSERVICIOS,4,0))) | G105: =+IFERROR(E105*F105,"")
D106: =+IF(B106="","",(VLOOKUP($A106,INSUMOS_SERVICIOS,3,0))) | F106: =IF(B106="","",(VLOOKUP($A106,INSUMOS_SERVICIOS,4,0))) | G106: =+IFERROR(E106*F106,"")
F107: SUBTOTAL | G107: =+IF(SUM(G104:G106)=0,"",SUM(G104:G106))
A109: TOTAL COSTO DIRECTO | G109: =IF(SUM(G79,G86,G92,G100,G107)=0,"",(ROUND(SUM(G79,G86,G92,G100,G107),0))) -> 671549
A111: 2. COSTOS INDIRECTOS
A113: DESCRIPCIÓN | F113: PORCENTAJE | G113: VALOR TOTAL
A114: ADMINISTRACION | F114: =AIU!$I$46 -> 0.3416 | G114: =+IFERROR(G109*F114,"") -> 229401.14
A115: IMPREVISTOS | F115: =IF(AIU!$I$47=0,"",AIU!$I$47) | G115: =+IFERROR(G109*F115,"")
A116: UTILIDADES | F116: =IF(AIU!$I$48=0,"",AIU!$I$48) -> 0.05 | G116: =+IFERROR(G109*F116,"") -> 33577.45
A117: TOTAL COSTO INDIRECTO | F117: =IF(SUM(F114:F116)=0,"",SUM(F114:F116)) -> 0.3916 | G117: =IF(SUM(G114:G116)=0,"",ROUND(SUM(G114:G116),0)) -> 262979
A119: PRECIO UNITARIO TOTAL APROXIMADO AL PESO | G119: =+IFERROR(ROUND(G109+G117,0),"") -> 934528
B122: SECRETARIA DE PLANEACIÓN E INFRAESTRUCTURA
D124: FIRMA RESPONSABLE
A126: ='DATOS INICIALES'!$B$1 -> DEPARTAMENTO DE ANTIOQUIA
A127: ='DATOS INICIALES'!$B$2 -> MUNICIPIO DE DABEIBA
A128: ='DATOS INICIALES'!$B$3 -> AMPLIACIÓN DEL SISTEMA DE ALCANTARILLADO EN SECTOR DEL BARRIO PABLO VI DEL MUNICIPIO DE DABEIBA ANTIOQUIA
A130: ANÁLISIS DE PRECIOS UNITARIOS
A132: ITEM | B132: DESCRIPCIÓN | E132: UNIDAD | F132: CANTIDAD | G132: COSTO DIRECTO
A133: MA003 | B133: =+IFERROR(VLOOKUP($A133,INSUMOSMATERIALES,2,0),"") -> CONCRETO 3000 PSI (210 MPA) EN OBRA | E133: =+IFERROR(VLOOKUP($A133,INSUMOSMATERIALES,3,0),"") -> M3 | F133: N.D | G133: =IF(G181=0,"",G171) -> 559115
A135: 1. COSTOS DIRECTOS
...

Sheet INSUMOS EQUIPOS
A1: DEPARTAMENTO DE ANTIOQUIA
A2: ='DATOS INICIALES'!B6 -> MUNICIPIO DE DABEIBA
A3: ='DATOS INICIALES'!B3 -> AMPLIACIÓN DEL SISTEMA DE ALCANTARILLADO EN SECTOR DEL BARRIO PABLO VI DEL MUNICIPIO DE DABEIBA ANTIOQUIA
A5: LISTADO DE INSUMOS - EQUIPOS
A7: CÓDIGO | B7: DESCRIPCIÓN | C7: UNIDAD | D7: VALOR UNITARIO
A8: EQ001 | B8: =+"HERRAMIENTA MENOR "&"("&D8*100&"% DE LA MANO DE OBRA)" -> HERRAMIENTA MENOR (10% DE LA MANO DE OBRA) | C8: % | D8: 0.1
A9: EQ002 | B9: ESTACIÓN TOTAL Y NIVEL DE PRECISION | C9: DÍA | D9: 90000
A10: EQ003 | B10: NIVEL DE PRECISIÓN | C10: DÍA | D10: 52000
A11: EQ004 | B11: CONCRETADORA 1.5 SACOS A GASOLINA | C11: DÍA | D11: 62000
A12: EQ005 | B12: VEHÍCULO DOBLE TRACCIÓN, DOBLE CABINA, 2000 CC O SUPERIOR (MODELO 2015 O SUPERIOR) TARIFA DE ALQUILER TIEMPO COMPLETO, INCLUYE COMBUSTIBLE Y CONDUCTOR. SE DEBE GARANTIZAR PERMANENCIA DE LOS VEHÍCULOS DURANTE TODA LA EJECUCIÓN DEL PROYECTO. | C12: MES | D12: 5513000
A13: EQ006 | B13: MOTO ALQUILER MODELO 2014 O SUPERIOR - TARIFA DE ALQUILER | C13: MES | D13: 422000
A14: EQ007 | B14: TARIFA PUESTO DE TRABAJO DEL PERSONAL DE OFICINA DE CAMPO, INCLUYE: ALQUILER DE UN (1) EQUIPO DE COMPUTO COMPLETO, ESCRITORIO, SILLA Y OTROS ENSERES DE OFICINA POR PUESTO DE TRABAJO | C14: MES | D14: 50000
A15: EQ008 | B15: IMPRESORA EN OBRA (ALQUILER) | C15: MES | D15: 40000
A16: EQ009 | B16: COMUNICACIONES (TELÉFONO, FAX, CELULAR, INTERNET, ETC.) MENSUAL EN CAMPO | C16: MES | D16: 40000
A17: EQ010 | B17: RADIOTELÉFONOS PARE-SIGA | C17: MES | D17: 51800
A18: EQ011 | B18: ALQUILER BAÑOS PORTÁTILES + MANTENIMIENTO Y LIMPIEZA | C18: MES | D18: 1200000
A19: EQ012 | B19: EQUIPO COMPLETO PARA GEORREFERENCIACIÓN Y CAPTURA , ALMACENAMIENTO, ANALISIS, TRANSFORMACIÓN Y PRESENTACIÓN DE TODA LA INFORMACIÓN GEOGRÁFICA Y SUS ATRIBUTOS, INCLUYE SOFTWARE | C19: MES | D19: 650000
A20: EQ013 | B20: Andamio estructural multidireccional modulo estandar 1.4 x 1.4 x 2 m | C20: DIA | D20: 25000
... A44: EQ037 | B44: PULIDORA DE CORTE | C44: DIA | D44: 30000
B48: MARLON A PEREZ HERRERA
B49: INGENIERO BANCO DE PROYECTOS

Sheet AIU
A1: DEPARTAMENTO DE ANTIOQUIA
A2: ='DATOS INICIALES'!B2 -> MUNICIPIO DE DABEIBA
A3: ='DATOS INICIALES'!B3 -> AMPLIACIÓN DEL SISTEMA DE ALCANTARILLADO EN SECTOR DEL BARRIO PABLO VI DEL MUNICIPIO DE DABEIBA ANTIOQUIA
A5: ADMINISTRACIÓN, IMPREVISTOS Y UTILIDADES - AIU
A7: ITEM | B7: CÓDIGO | C7: DESCRIPCIÓN | D7: CANT | E7: VALOR MENSUAL | F7: PREST. SOC. | G7: DEDIC. % | H7: PLAZO | I7: VALOR PARCIAL
A8: 1 | B8: EQUIPO PROFESIONAL | I8: =IF(SUM(I9:I12)=0,"",SUM(I9:I12)) -> 1747200
A9: 1.1 | B9: =IF(C9="","",INDEX(CODIGOSMANODEOBRA,MATCH($C9,'INSUMOS MANO DE OBRA'!$B$7:$B$61,0))) -> MO019 | C9: ENCARGADO DE OBRA | D9: 1 | E9: =IF(C9="","",IFERROR(VLOOKUP($B9,INSUMOSMANODEOBRA,4,0),"")) -> 1400000 | F9: =IF(C9="","",IFERROR(ROUND((VLOOKUP($B9,INSUMOSMANODEOBRA,5,0)-1)*E9,0),"")) -> 784000 | G9: 0.8 | H9: 1 | I9: =+IF(D9=0,"",IFERROR(D9*(E9+F9)*G9*H9,"")) -> 1747200
A10: 1.2 | B10: =IF(C10="","",INDEX(CODIGOSMANODEOBRA,MATCH($C10,'INSUMOS MANO DE OBRA'!$B$7:$B$61,0))) | E10: =IF(C10="","",IFERROR(VLOOKUP($B10,INSUMOSMANODEOBRA,4,0),"")) | F10: =IF(C10="","",IFERROR(ROUND((VLOOKUP($B10,INSUMOSMANODEOBRA,5,0)-1)*E10,0),"")) | I10: =+IF(D10=0,"",IFERROR(D10*(E10+F10)*G10*H10,""))
A11: 1.4 | B11: =IF(C11="","",INDEX(CODIGOSMANODEOBRA,MATCH($C11,'INSUMOS MANO DE OBRA'!$B$7:$B$61,0))) | E11: =IF(C11="","",IFERROR(VLOOKUP($B11,INSUMOSMANODEOBRA,4,0),"")) | F11: =IF(C11="","",IFERROR(ROUND((VLOOKUP($B11,INSUMOSMANODEOBRA,5,0)-1)*E11,0),"")) | I11: =+IF(D11=0,"",IFERROR(D11*(E11+F11)*G11*H11,""))
A12: 1.6 | B12: =IF(C12="","",INDEX(CODIGOSMANODEOBRA,MATCH($C12,'INSUMOS MANO DE OBRA'!$B$7:$B$61,0))) | E12: =IF(C12="","",IFERROR(VLOOKUP($B12,INSUMOSMANODEOBRA,4,0),"")) | F12: =IF(C12="","",IFERROR(ROUND((VLOOKUP($B12,INSUMOSMANODEOBRA,5,0)-1)*E12,0),"")) | I12: =+IF(D12=0,"",IFERROR(D12*(E12+F12)*G12*H12,""))
A13: 2 | B13: PERSONAL TÉCNICO NO PROFESIONAL DE OBRA - VIÁTICOS | I13: =IF(SUM(I14:I15)=0,"",SUM(I14:I15))
A14: 2.1 | B14: =IF(C14="","",INDEX(CODIGOSMANODEOBRA,MATCH($C14,'INSUMOS MANO DE OBRA'!$B$7:$B$61,0))) | D14: 1 | E14: =IF(C14="","",IFERROR(VLOOKUP($B14,INSUMOSMANODEOBRA,4,0),"")) | F14: =IF(C14="","",IFERROR(ROUND((VLOOKUP($B14,INSUMOSMANODEOBRA,5,0)-1)*E14,0),"")) | I14: =+IF(D14=0,"",IFERROR(D14*(E14+F14)*G14*H14,""))
A15: 2.4 | D15: =+IF(SUM(D9:D10)=0,"",SUM(D9:D10)) -> 1 | I15: =+IFERROR(D15*E15*H15,"") -> 0
A16: 3 | B16: GASTOS OFICINA CENTRAL | I16: =IF(SUM(I17:I19)=0,"",SUM(I17:I18)) -> 84796.635
A17: 3.1 | B17: =IF(C17="","",INDEX(CODIGOSMANODEOBRA,MATCH($C17,'INSUMOS MANO DE OBRA'!$B$7:$B$61,0))) -> MO013 | C17: SECRETARIA | D17: 1 | E17: =IF(C17="","",IFERROR(VLOOKUP($B17,INSUMOSMANODEOBRA,4,0),"")) -> 1423500 | F17: =IF(C17="","",IFERROR(ROUND((VLOOKUP($B17,INSUMOSMANODEOBRA,5,0)-1)*E17,0),"")) -> 1096095 | G17: 0.1 | H17: 0.33 | I17: =+IF(D17=0,"",IFERROR(D17*(E17+F17)*G17*H17,"")) -> 83146.635
A18: 3.4 | C18: PAPELERIA | D18: 1 | E18: 50000 | G18: 0.1 | H18: 0.33 | I18: =+IF(D18=0,"",IFERROR(D18*(E18+F18)*G18*H18,"")) -> 1650
A19: 3.5 | C19: ARRENDAMIENTO + SERVICIOS | D19: 1 | E19: 300000 | G19: 0.1 | H19: 0.33 | I19: =+IF(D19=0,"",IFERROR(D19*(E19+F19)*G19*H19,"")) -> 9900
A20: 4 | B20: OFICINA Y CAMPAMENTO EN OBRA | I20: =IF(SUM(I21:I22)=0,"",SUM(I21:I22))
A21: 4.1 | B21: =IF(C21="","",INDEX(CODIGOSSERVICIOS,MATCH($C21,'INSUMOS SERVICIOS'!B7:B21,0))) | D21: 1 | E21: =IF(C21="","",(VLOOKUP($B21,INSUMOSSERVICIOS,4,0))) | I21: =IFERROR(D21*E21*H21,"")
A22: 4.2 | B22: =IF(C22="","",INDEX(CODIGOEQUIPOS,MATCH($C22,'INSUMOS EQUIPOS'!B7:B39,0))) | D22: 1 | E22: =IF(C22="","",(VLOOKUP($B22,INSUMOSEQUIPOS,4,0))) | I22: =IFERROR(D22*E22*H22,"")
A23: 5 | B23: SISTEMA DE CÓMPUTO Y COMUNICACIONES | I23: =IF(SUM(I24:I26)=0,"",SUM(I24:I26))
A24: 5.1 | B24: =IF(C24="","",INDEX(CODIGOEQUIPOS,MATCH($C24,'INSUMOS EQUIPOS'!$B$7:$B$39,0))) | D24: 1 | E24: =IF(C24="","",(VLOOKUP($B24,INSUMOSEQUIPOS,4,FALSE))) | I24: =IF(D24=0,"",IFERROR(D24*E24*H24,""))
A25: 5.2 | B25: =IF(C25="","",INDEX(CODIGOEQUIPOS,MATCH($C25,'INSUMOS EQUIPOS'!$B$7:$B$39,0))) | D25: 1 | E25: =IF(C25="","",(VLOOKUP($B25,INSUMOSEQUIPOS,4,FALSE))) | I25: =IF(D25=0,"",IFERROR(D25*E25*H25,""))
A26: 5.3 | B26: =IF(C26="","",INDEX(CODIGOEQUIPOS,MATCH($C26,'INSUMOS EQUIPOS'!$B$7:$B$39,0))) | D26: 2 | E26: =IF(C26="","",(VLOOKUP($B26,INSUMOSEQUIPOS,4,FALSE))) | I26: =IF(D26=0,"",IFERROR(D26*E26*H26,""))
A27: 6 | B27: SERVICIOS DE LABORATORIO | I27: =IF(SUM(I28:I29)=0,"",SUM(I28:I29))
A28: 6.1 | B28: =IF(C28="","",INDEX(CODIGOSSERVICIOS,MATCH($C28,'INSUMOS SERVICIOS'!$B$7:$B$21,0))) | E28: =IF(C28="","",(VLOOKUP($B28,INSUMOSSERVICIOS,4,0))) | I28: =IF(D28=0,"",IFERROR(D28*E28,""))
A29: 6.2 | B29: =IF(C29="","",INDEX(CODIGOSSERVICIOS,MATCH($C29,'INSUMOS SERVICIOS'!$B$7:$B$21,0))) | E29: =IF(C29="","",(VLOOKUP($B29,INSUMOSSERVICIOS,4,0))) | I29: =IF(D29=0,"",IFERROR(D29*E29,""))
A30: 6.3 | B30: =IF(C30="","",INDEX(CODIGOSSERVICIOS,MATCH($C30,'INSUMOS SERVICIOS'!$B$7:$B$21,0))) | E30: =IF(C30="","",(VLOOKUP($B30,INSUMOSSERVICIOS,4,0))) | I30: =IF(D30=0,"",IFERROR(D30*E30,""))
A31: 7 | B31: VALLA CONTRACTUAL | I31: =IF(SUM(I32)=0,"",SUM(I32))
A32: 7.1 | B32: =IF(C32="","",INDEX(CODIGOMATERIALES,MATCH($C32,'INSUMOS MATERIALES'!$B$7:$B$54,0))) | E32: =IF(C32="","",(VLOOKUP($B32,INSUMOSMATERIALES,4,0))) | I32: =IF(D32=0,"",IFERROR(D32*E32,""))
A33: 8 | B33: GASTOS DE LEGALIZACIÓN DEL CONTRATO | I33: =IF(SUM(I34:I41)=0,"",SUM(I34:I41)) -> 3367078
A34: 8.1 | C34: PÓLIZAS | I34: =PRESUPUESTO!H20*0.85% -> 169852.6
A35: 8.2 | C35: IMPUESTO DE CONTRIBUCIÓN ESPECIAL 5% | D35: 0.05 | E35: =+PRESUPUESTO!H20 -> 19982659 | I35: =+E35*D35 -> 999132.93
A36: 8.3 | C36: ESTAMPILLAS
A37: 8.3.1 | C37: Pro Hospital | D37: 0.01 | E37: =+PRESUPUESTO!H20 -> 19982659 | I37: =+E37*D37 -> 199826.59
A38: 8.3.2 | C38: Pro cultura | D38: 0.02 | E38: =+PRESUPUESTO!H20 -> 19982659 | I38: =+E38*D38 -> 399653.17
A39: 8.3.3 | C39: Pro Anciano | D39: 0.04 | E39: =+PRESUPUESTO!H20 -> 19982659 | I39: =+E39*D39 -> 799306.34
A40: 8.3.4 | C40: Pro Deporte y Recreación | D40: 0.02 | E40: =+PRESUPUESTO!H20 -> 19982659 | I40: =+E40*D40 -> 399653.17
A41: 8.3.5 | C41: Pro justicia familiar | D41: 0.02 | E41: =+PRESUPUESTO!H20 -> 19982659 | I41: =+E41*D41 -> 399653.17
A42: SUBTOTAL DE COSTOS DE ADMINISTRACIÓN | I42: =IF(SUM(I8,I13,I16,I20,I23,I27,I31,I33)=0,"",SUM(I8,I13,I16,I20,I23,I27,I31,I33)) -> 5199074.6
A43: AJUSTE ADMINISTRACIÓN POR REDONDE DE DECIMALES | I43: =IFERROR(PRESUPUESTO!H16-AIU!I42,"") -> -1394303.4
A44: TOTAL COSTOS DE ADMINISTRACIÓN | I44: =IFERROR(I42+I43,"") -> 3804771.2
A45: TOTAL COSTOS DIRECTOS | I45: =IF(PRESUPUESTO!$H$15=0,"",PRESUPUESTO!$H$15) -> 15219085
A46: % ADMINISTRACIÓN | I46: =IFERROR(ROUND(I42/I45,4),"") -> 0.3416
A47: %IMPREVISTOS | I47: 0
A48: %UTILIDADES | I48: 0.05
A49: TOTAL AIU | I49: =IF(SUM(I46:I48)=0,"",SUM(I46:I48)) -> 0.3916
C56: _______________________________________
C57: MARLON A PEREZ H
C58: INGENIERO BANCO DE PROYECTOS

Sheet INSUMOS MANO DE OBRA
A1: DEPARTAMENTO DE ANTIOQUIA
A2: ='DATOS INICIALES'!B2 -> MUNICIPIO DE DABEIBA
A3: ='DATOS INICIALES'!B3 -> AMPLIACIÓN DEL SISTEMA DE ALCANTARILLADO EN SECTOR DEL BARRIO PABLO VI DEL MUNICIPIO DE DABEIBA ANTIOQUIA
A5: LISTADO DE INSUMOS - MANO DE OBRA
A7: CÓDIGO | B7: CARGO | C7: CLASE | D7: SALARIO MENSUAL | E7: FACTOR PRESTACIONAL | F7: JORNAL | G7: PRESTACIONES | H7: JORNAL TOTAL
A8: MO001 | B8: =IFERROR(IF(HLOOKUP($A8,FACTORPRESTACIONAL,2,0)="","",HLOOKUP($A8,FACTORPRESTACIONAL,2,0)),"") -> DIRECTOR DE OBRA | C8: =IFERROR(IF(HLOOKUP($A8,FACTORPRESTACIONAL,2,0)="","",HLOOKUP($A8,FACTORPRESTACIONAL,3,0)),"") -> ADMÓN | D8: =IFERROR(IF(HLOOKUP($A8,FACTORPRESTACIONAL,2,0)="","",HLOOKUP($A8,FACTORPRESTACIONAL,5,0)),"") -> 7117500 | E8: =IFERROR(IF(HLOOKUP($A8,FACTORPRESTACIONAL,2,0)="","",HLOOKUP($A8,FACTORPRESTACIONAL,26,0)),"") -> 1.5 | F8: =IFERROR(IF(HLOOKUP($A8,FACTORPRESTACIONAL,2,0)="","",HLOOKUP($A8,FACTORPRESTACIONAL,24,0)),"") -> 234000 | G8: =IFERROR(IF(HLOOKUP($A8,FACTORPRESTACIONAL,2,0)="","",HLOOKUP($A8,FACTORPRESTACIONAL,25,0)),"") -> 116940 | H8: =IFERROR(F8+G8,"") -> 350940
A9: MO002 | B9: =IFERROR(IF(HLOOKUP($A9,FACTORPRESTACIONAL,2,0)="","",HLOOKUP($A9,FACTORPRESTACIONAL,2,0)),"") -> DIRECTOR DE INTERVENTORÍA | C9: =IFERROR(IF(HLOOKUP($A9,FACTORPRESTACIONAL,2,0)="","",HLOOKUP($A9,FACTORPRESTACIONAL,3,0)),"") -> ADMÓN | D9: =IFERROR(IF(HLOOKUP($A9,FACTORPRESTACIONAL,2,0)="","",HLOOKUP($A9,FACTORPRESTACIONAL,5,0)),"") -> 7117500 | E9: =IFERROR(IF(HLOOKUP($A9,FACTORPRESTACIONAL,2,0)="","",HLOOKUP($A9,FACTORPRESTACIONAL,26,0)),"") -> 1.5 | F9: =IFERROR(IF(HLOOKUP($A9,FACTORPRESTACIONAL,2,0)="","",HLOOKUP($A9,FACTORPRESTACIONAL,24,0)),"") -> 234000 | G9: =IFERROR(IF(HLOOKUP($A9,FACTORPRESTACIONAL,2,0)="","",HLOOKUP($A9,FACTORPRESTACIONAL,25,0)),"") -> 116940 | H9: =IFERROR(F9+G9,"") -> 350940
A10: MO003 | B10: =IFERROR(IF(HLOOKUP($A10,FACTORPRESTACIONAL,2,0)="","",HLOOKUP($A10,FACTORPRESTACIONAL,2,0)),"") -> RESIDENTE DE OBRA | C10: =IFERROR(IF(HLOOKUP($A10,FACTORPRESTACIONAL,2,0)="","",HLOOKUP($A10,FACTORPRESTACIONAL,3,0)),"") -> ADMÓN | D10: =IFERROR(IF(HLOOKUP($A10,FACTORPRESTACIONAL,2,0)="","",HLOOKUP($A10,FACTORPRESTACIONAL,5,0)),"") -> 4270500 | E10: =IFERROR(IF(HLOOKUP($A10,FACTORPRESTACIONAL,2,0)="","",HLOOKUP($A10,FACTORPRESTACIONAL,26,0)),"") -> 1.51 | F10: =IFERROR(IF(HLOOKUP($A10,FACTORPRESTACIONAL,2,0)="","",HLOOKUP($A10,FACTORPRESTACIONAL,24,0)),"") -> 140400 | G10: =IFERROR(IF(HLOOKUP($A10,FACTORPRESTACIONAL,2,0)="","",HLOOKUP($A10,FACTORPRESTACIONAL,25,0)),"") -> 71169 | H10: =IFERROR(F10+G10,"") -> 211569
A11: MO004 | B11: =IFERROR(IF(HLOOKUP($A11,FACTORPRESTACIONAL,2,0)="","",HLOOKUP($A11,FACTORPRESTACIONAL,2,0)),"") -> RESIDENTE DE INTERVENTORÍA | C11: =IFERROR(IF(HLOOKUP($A11,FACTORPRESTACIONAL,2,0)="","",HLOOKUP($A11,FACTORPRESTACIONAL,3,0)),"") -> ADMÓN | D11: =IFERROR(IF(HLOOKUP($A11,FACTORPRESTACIONAL,2,0)="","",HLOOKUP($A11,FACTORPRESTACIONAL,5,0)),"") -> 4270500 | E11: =IFERROR(IF(HLOOKUP($A11,FACTORPRESTACIONAL,2,0)="","",HLOOKUP($A11,FACTORPRESTACIONAL,26,0)),"") -> 1.51 | F11: =IFERROR(IF(HLOOKUP($A11,FACTORPRESTACIONAL,2,0)="","",HLOOKUP($A11,FACTORPRESTACIONAL,24,0)),"") -> 140400 | G11: =IFERROR(IF(HLOOKUP($A11,FACTORPRESTACIONAL,2,0)="","",HLOOKUP($A11,FACTORPRESTACIONAL,25,0)),"") -> 71169 | H11: =IFERROR(F11+G11,"") -> 211569
A12: MO005 | B12: =IFERROR(IF(HLOOKUP($A12,FACTORPRESTACIONAL,2,0)="","",HLOOKUP($A12,FACTORPRESTACIONAL,2,0)),"") -> RESIDENTE AMBIENTAL | C12: =IFERROR(IF(HLOOKUP($A12,FACTORPRESTACIONAL,2,0)="","",HLOOKUP($A12,FACTORPRESTACIONAL,3,0)),"") -> ADMÓN | D12: =IFERROR(IF(HLOOKUP($A12,FACTORPRESTACIONAL,2,0)="","",HLOOKUP($A12,FACTORPRESTACIONAL,5,0)),"") -> 3843450 | E12: =IFERROR(IF(HLOOKUP($A12,FACTORPRESTACIONAL,2,0)="","",HLOOKUP($A12,FACTORPRESTACIONAL,26,0)),"") -> 1.51 | F12: =IFERROR(IF(HLOOKUP($A12,FACTORPRESTACIONAL,2,0)="","",HLOOKUP($A12,FACTORPRESTACIONAL,24,0)),"") -> 126360 | G12: =IFERROR(IF(HLOOKUP($A12,FACTORPRESTACIONAL,2,0)="","",HLOOKUP($A12,FACTORPRESTACIONAL,25,0)),"") -> 64304 | H12: =IFERROR(F12+G12,"") -> 190664
A13: MO006 | B13: =IFERROR(IF(HLOOKUP($A13,FACTORPRESTACIONAL,2,0)="","",HLOOKUP($A13,FACTORPRESTACIONAL,2,0)),"") -> RESIDENTE SOCIAL | C13: =IFERROR(IF(HLOOKUP($A13,FACTORPRESTACIONAL,2,0)="","",HLOOKUP($A13,FACTORPRESTACIONAL,3,0)),"") -> ADMÓN | D13: =IFERROR(IF(HLOOKUP($A13,FACTORPRESTACIONAL,2,0)="","",HLOOKUP($A13,FACTORPRESTACIONAL,5,0)),"") -> 4270500 | E13: =IFERROR(IF(HLOOKUP($A13,FACTORPRESTACIONAL,2,0)="","",HLOOKUP($A13,FACTORPRESTACIONAL,26,0)),"") -> 1.51 | F13: =IFERROR(IF(HLOOKUP($A13,FACTORPRESTACIONAL,2,0)="","",HLOOKUP($A13,FACTORPRESTACIONAL,24,0)),"") -> 140400 | G13: =IFERROR(IF(HLOOKUP($A13,FACTORPRESTACIONAL,2,0)="","",HLOOKUP($A13,FACTORPRESTACIONAL,25,0)),"") -> 71169 | H13: =IFERROR(F13+G13,"") -> 211569
A14: MO007 | B14: =IFERROR(IF(HLOOKUP($A14,FACTORPRESTACIONAL,2,0)="","",HLOOKUP($A14,FACTORPRESTACIONAL,2,0)),"") -> AUXILIAR DE RESIDENCIA | C14: =IFERROR(IF(HLOOKUP($A14,FACTORPRESTACIONAL,2,0)="","",HLOOKUP($A14,FACTORPRESTACIONAL,3,0)),"") -> ADMÓN | D14: =IFERROR(IF(HLOOKUP($A14,FACTORPRESTACIONAL,2,0)="","",HLOOKUP($A14,FACTORPRESTACIONAL,5,0)),"") -> 2847000 | E14: =IFERROR(IF(HLOOKUP($A14,FACTORPRESTACIONAL,2,0)="","",HLOOKUP($A14,FACTORPRESTACIONAL,26,0)),"") -> 1.63 | F14: =IFERROR(IF(HLOOKUP($A14,FACTORPRESTACIONAL,2,0)="","",HLOOKUP($A14,FACTORPRESTACIONAL,24,0)),"") -> 93600 | G14: =IFERROR(IF(HLOOKUP($A14,FACTORPRESTACIONAL,2,0)="","",HLOOKUP($A14,FACTORPRESTACIONAL,25,0)),"") -> 59111 | H14: =IFERROR(F14+G14,"") -> 152711
A15: MO008 | B15: =IFERROR(IF(HLOOKUP($A15,FACTORPRESTACIONAL,2,0)="","",HLOOKUP($A15,FACTORPRESTACIONAL,2,0)),"") -> TECNÓLOGO SST | C15: =IFERROR(IF(HLOOKUP($A15,FACTORPRESTACIONAL,2,0)="","",HLOOKUP($A15,FACTORPRESTACIONAL,3,0)),"") -> ADMÓN | D15: =IFERROR(IF(HLOOKUP($A15,FACTORPRESTACIONAL,2,0)="","",HLOOKUP($A15,FACTORPRESTACIONAL,5,0)),"") -> 3274050 | E15: =IFERROR(IF(HLOOKUP($A15,FACTORPRESTACIONAL,2,0)="","",HLOOKUP($A15,FACTORPRESTACIONAL,26,0)),"") -> 1.51 | F15: =IFERROR(IF(HLOOKUP($A15,FACTORPRESTACIONAL,2,0)="","",HLOOKUP($A15,FACTORPRESTACIONAL,24,0)),"") -> 107640 | G15: =IFERROR(IF(HLOOKUP($A15,FACTORPRESTACIONAL,2,0)="","",HLOOKUP($A15,FACTORPRESTACIONAL,25,0)),"") -> 55150 | H15: =IFERROR(F15+G15,"") -> 162790
A16: MO009 | B16: =IFERROR(IF(HLOOKUP($A16,FACTORPRESTACIONAL,2,0)="","",HLOOKUP($A16,FACTORPRESTACIONAL,2,0)),"") -> ASESOR LEGAL | C16: =IFERROR(IF(HLOOKUP($A16,FACTORPRESTACIONAL,2,0)="","",HLOOKUP($A16,FACTORPRESTACIONAL,3,0)),"") -> ADMÓN | D16: =IFERROR(IF(HLOOKUP($A16,FACTORPRESTACIONAL,2,0)="","",HLOOKUP($A16,FACTORPRESTACIONAL,5,0)),"") -> 9537450 | E16: =IFERROR(IF(HLOOKUP($A16,FACTORPRESTACIONAL,2,0)="","",HLOOKUP($A16,FACTORPRESTACIONAL,26,0)),"") -> 1.5 | F16: =IFERROR(IF(HLOOKUP($A16,FACTORPRESTACIONAL,2,0)="","",HLOOKUP($A16,FACTORPRESTACIONAL,24,0)),"") -> 313560 | G16: =IFERROR(IF(HLOOKUP($A16,FACTORPRESTACIONAL,2,0)="","",HLOOKUP($A16,FACTORPRESTACIONAL,25,0)),"") -> 155845 | H16: =IFERROR(F16+G16,"") -> 469405
A17: MO010 | B17: =IFERROR(IF(HLOOKUP($A17,FACTORPRESTACIONAL,2,0)="","",HLOOKUP($A17,FACTORPRESTACIONAL,2,0)),"") -> CONTADOR | C17: =IFERROR(IF(HLOOKUP($A17,FACTORPRESTACIONAL,2,0)="","",HLOOKUP($A17,FACTORPRESTACIONAL,3,0)),"") -> ADMÓN | D17: =IFERROR(IF(HLOOKUP($A17,FACTORPRESTACIONAL,2,0)="","",HLOOKUP($A17,FACTORPRESTACIONAL,5,0)),"") -> 6548100 | E17: =IFERROR(IF(HLOOKUP($A17,FACTORPRESTACIONAL,2,0)="","",HLOOKUP($A17,FACTORPRESTACIONAL,26,0)),"") -> 1.5 | F17: =IFERROR(IF(HLOOKUP($A17,FACTORPRESTACIONAL,2,0)="","",HLOOKUP($A17,FACTORPRESTACIONAL,24,0)),"") -> 215280 | G17: =IFERROR(IF(HLOOKUP($A17,FACTORPRESTACIONAL,2,0)="","",HLOOKUP($A17,FACTORPRESTACIONAL,25,0)),"") -> 107786 | H17: =IFERROR(F17+G17,"") -> 323066
A18: MO011 | B18: =IFERROR(IF(HLOOKUP($A18,FACTORPRESTACIONAL,2,0)="","",HLOOKUP($A18,FACTORPRESTACIONAL,2,0)),"") -> ALMACENISTA | C18: =IFERROR(IF(HLOOKUP($A18,FACTORPRESTACIONAL,2,0)="","",HLOOKUP($A18,FACTORPRESTACIONAL,3,0)),"") -> ADMÓN | D18: =IFERROR(IF(HLOOKUP($A18,FACTORPRESTACIONAL,2,0)="","",HLOOKUP($A18,FACTORPRESTACIONAL,5,0)),"") -> 2633475 | E18: =IFERROR(IF(HLOOKUP($A18,FACTORPRESTACIONAL,2,0)="","",HLOOKUP($A18,FACTORPRESTACIONAL,26,0)),"") -> 1.64 | F18: =IFERROR(IF(HLOOKUP($A18,FACTORPRESTACIONAL,2,0)="","",HLOOKUP($A18,FACTORPRESTACIONAL,24,0)),"") -> 86580 | G18: =IFERROR(IF(HLOOKUP($A18,FACTORPRESTACIONAL,2,0)="","",HLOOKUP($A18,FACTORPRESTACIONAL,25,0)),"") -> 55678 | H18: =IFERROR(F18+G18,"") -> 142258
A19: MO012 | B19: =IFERROR(IF(HLOOKUP($A19,FACTORPRESTACIONAL,2,0)="","",HLOOKUP($A19,FACTORPRESTACIONAL,2,0)),"") -> AUXILIAR DE ALMACÉN | C19: =IFERROR(IF(HLOOKUP($A19,FACTORPRESTACIONAL,2,0)="","",HLOOKUP($A19,FACTORPRESTACIONAL,3,0)),"") -> ADMÓN | D19: =IFERROR(IF(HLOOKUP($A19,FACTORPRESTACIONAL,2,0)="","",HLOOKUP($A19,FACTORPRESTACIONAL,5,0)),"") -> 2064075 | E19: =IFERROR(IF(HLOOKUP($A19,FACTORPRESTACIONAL,2,0)="","",HLOOKUP($A19,FACTORPRESTACIONAL,26,0)),"") -> 1.69 | F19: =IFERROR(IF(HLOOKUP($A19,FACTORPRESTACIONAL,2,0)="","",HLOOKUP($A19,FACTORPRESTACIONAL,24,0)),"") -> 67860 | G19: =IFERROR(IF(HLOOKUP($A19,FACTORPRESTACIONAL,2,0)="","",HLOOKUP($A19,FACTORPRESTACIONAL,25,0)),"") -> 46524 | H19: =IFERROR(F19+G19,"") -> 114384
... A61: MO054 | B61: =IFERROR(IF(HLOOKUP($A61,FACTORPRESTACIONAL,2,0)="","",HLOOKUP($A61,FACTORPRESTACIONAL,2,0)),"") -> TÉCNICO AMBIENTAL | C61: =IFERROR(IF(HLOOKUP($A61,FACTORPRESTACIONAL,2,0)="","",HLOOKUP($A61,FACTORPRESTACIONAL,3,0)),"") -> ADMÓN | D61: =IFERROR(IF(HLOOKUP($A61,FACTORPRESTACIONAL,2,0)="","",HLOOKUP($A61,FACTORPRESTACIONAL,5,0)),"") -> 2847000 | E61: =IFERROR(IF(HLOOKUP($A61,FACTORPRESTACIONAL,2,0)="","",HLOOKUP($A61,FACTORPRESTACIONAL,26,0)),"") -> 1.63 | F61: =IFERROR(IF(HLOOKUP($A61,FACTORPRESTACIONAL,2,0)="","",HLOOKUP($A61,FACTORPRESTACIONAL,24,0)),"") -> 93600 | G61: =IFERROR(IF(HLOOKUP($A61,FACTORPRESTACIONAL,2,0)="","",HLOOKUP($A61,FACTORPRESTACIONAL,25,0)),"") -> 59111 | H61: =IFERROR(F61+G61,"") -> 152711
B70: MARLON A PEREZ H
B71: INGENIERO BANCO DE PROYECTOS

Sheet FACTOR PRESTACIONAL
B1: DEPARTAMENTO DE ANTIOQUIA | P1: DEPARTAMENTO DE ANTIOQUIA | AD1: DEPARTAMENTO DE ANTIOQUIA | AR1: DEPARTAMENTO DE ANTIOQUIA
B2: ='DATOS INICIALES'!$B$2 -> MUNICIPIO DE DABEIBA | P2: ='DATOS INICIALES'!$B$2 -> MUNICIPIO DE DABEIBA | AD2: ='DATOS INICIALES'!$B$2 -> MUNICIPIO DE DABEIBA | AR2: ='DATOS INICIALES'!$B$2 -> MUNICIPIO DE DABEIBA
B3: ='DATOS INICIALES'!$B$3 -> AMPLIACIÓN DEL SISTEMA DE ALCANTARILLADO EN SECTOR DEL BARRIO PABLO VI DEL MUNICIPIO DE DABEIBA ANTIOQUIA | P3: ='DATOS INICIALES'!$B$3 -> AMPLIACIÓN DEL SISTEMA DE ALCANTARILLADO EN SECTOR DEL BARRIO PABLO VI DEL MUNICIPIO DE DABEIBA ANTIOQUIA | AD3: ='DATOS INICIALES'!$B$3 -> AMPLIACIÓN DEL SISTEMA DE ALCANTARILLADO EN SECTOR DEL BARRIO PABLO VI DEL MUNICIPIO DE DABEIBA ANTIOQUIA | AR3: ='DATOS INICIALES'!$B$3 -> AMPLIACIÓN DEL SISTEMA DE ALCANTARILLADO EN SECTOR DEL BARRIO PABLO VI DEL MUNICIPIO DE DABEIBA ANTIOQUIA
B5: CÁLCULO DE FACTOR PRESTACIONAL | P5: CÁLCULO DE FACTOR PRESTACIONAL | AD5: CÁLCULO DE FACTOR PRESTACIONAL | AR5: CÁLCULO DE FACTOR PRESTACIONAL
A7: CÓDIGO | B7: MO001 | C7: MO002 | D7: MO003 | E7: MO004 | F7: MO005 | G7: MO006 | H7: MO007 | I7: MO008 | J7: MO009 | K7: MO010 | L7: MO011 | M7: MO012 | N7: MO013 | O7: MO014 | P7: MO015 | Q7: MO016 | R7: MO017 | S7: MO018 | T7: MO019 | U7: MO020 | V7: MO021 | W7: MO022 | X7: MO023 | Y7: MO024 | Z7: MO025 | AA7: MO026 | AB7: MO027 | AC7: MO028 | AD7: MO029 | AE7: MO030 | AF7: MO031 | AG7: MO032 | AH7: MO033 | AI7: MO034 | AJ7: MO035 | AK7: MO036 | AL7: MO037 | AM7: MO038 | AN7: MO039 | AO7: MO040 | AP7: MO041 | AQ7: MO042 | AR7: MO043 | AS7: MO044 | AT7: MO045 | AU7: MO046 | AV7: MO047 | AW7: MO048 | AX7: MO049 | AY7: MO050 | AZ7: MO051 | BA7: MO052 | BB7: MO053 | BC7: MO054 | BD7: MO055 | BE7: MO056
A8: CARGO | B8: DIRECTOR DE OBRA | C8: DIRECTOR DE INTERVENTORÍA | D8: RESIDENTE DE OBRA | E8: RESIDENTE DE INTERVENTORÍA | F8: RESIDENTE AMBIENTAL | G8: RESIDENTE SOCIAL | H8: AUXILIAR DE RESIDENCIA | I8: TECNÓLOGO SST | J8: ASESOR LEGAL | K8: CONTADOR | L8: ALMACENISTA | M8: AUXILIAR DE ALMACÉN | N8: SECRETARIA | O8: MENSAJERO | P8: VIGILANTE | Q8: TOPÓGRAFO | R8: CADENERO 1 | S8: CADENERO 2 | T8: ENCARGADO DE OBRA | U8: MAESTRO SEGUNDO | V8: OFICIAL ELÉCTRICO | W8: AYUDANTE ELÉCTRICO | X8: OFICIAL PLOMERO | Y8: AYUDANTE PLOMERO | Z8: OFICIAL CARPINTERO | AA8: AYUDANTE CARPINTERO | AB8: OFICIAL PINTOR | AC8: OFICIAL DE OBRA BLANCA | AD8: OFICIAL DE OBRA NEGRA | AE8: OFICIAL HIERRO | AF8: AYUDANTE ENTENDIDO | AG8: AYUDANTE RASO | AH8: OPERADOR EQUIPO LIVIANO | AI8: OPERADOR EQUIPO MEDIANO | AJ8: OPERADOR EQUIPO PESADO | AK8: AUXILIAR HERRAMIENTA | AL8: PATIERO | AM8: AUXILIAR PARE-SIGA | AN8: INGENIERO SIG | AO8: TECNÓLOGO SIG | AP8: DIRECTOR DE CONSULTORÍA | AQ8: DIBUJANTE | AR8: INGENIERO ESPECIALISTA GEOTECNIA | AS8: GEÓLOGO | AT8: ARQUITECTO ESPECIALISTA URBANISMO | AU8: ARQUITECTO ESPECIALISTA PAISAJISMO | AV8: ARQUITECTO DISEÑADOR | AW8: INGENIERO ESPECIALISTA ESTRUCTURAL | AX8: INGENIERO REVISOR ESTRUCTURAL | AY8: INGENIERO ESPECIALISTA HIDRÁULICO | AZ8: INGENIERO ELECTRICISTA | BA8: INGENIERO AMBIENTAL | BB8: INGENIERO FORESTAL | BC8: TÉCNICO AMBIENTAL
A9: CLASE | B9: ADMÓN | C9: ADMÓN | D9: ADMÓN | E9: ADMÓN | F9: ADMÓN | G9: ADMÓN | H9: ADMÓN | I9: ADMÓN | J9: ADMÓN | K9: ADMÓN | L9: ADMÓN | M9: ADMÓN | N9: ADMÓN | O9: ADMÓN | P9: ADMÓN | Q9: OBRA | R9: OBRA | S9: OBRA | T9: OBRA | U9: OBRA | V9: OBRA | W9: OBRA | X9: OBRA | Y9: OBRA | Z9: OBRA | AA9: OBRA | AB9: OBRA | AC9: OBRA | AD9: OBRA | AE9: OBRA | AF9: OBRA | AG9: OBRA | AH9: OBRA | AI9: OBRA | AJ9: OBRA | AK9: OBRA | AL9: OBRA | AM9: OBRA | AN9: ADMÓN | AO9: ADMÓN | AP9: ADMÓN | AQ9: ADMÓN | AR9: ADMÓN | AS9: ADMÓN | AT9: ADMÓN | AU9: ADMÓN | AV9: ADMÓN | AW9: ADMÓN | AX9: ADMÓN | AY9: ADMÓN | AZ9: ADMÓN | BA9: ADMÓN | BB9: ADMÓN | BC9: ADMÓN
A10: SALARIO MENSUAL SMMLV | B10: 5 | C10: 5 | D10: 3 | E10: 3 | F10: 2.7 | G10: 3 | H10: 2 | I10: 2.3 | J10: 6.7 | K10: 4.6 | L10: 1.85 | M10: 1.45 | N10: 1 | O10: 1 | P10: 1 | Q10: 4.8 | R10: 2.35 | S10: 1.35 | T10: 3 | U10: 2.3 | V10: 2.75 | W10: 1.3 | X10: 2 | Y10: 1.2 | Z10: 2 | AA10: 1.1 | AB10: 2 | AC10: 2 | AD10: 2 | AE10: 2 | AF10: 1.3 | AG10: 1.1 | AH10: 1.3 | AI10: 2.25 | AJ10: 3.2 | AK10: 1 | AL10: 1 | AM10: 1 | AN10: 5 | AO10: 2.3 | AP10: 6.7 | AQ10: 2.3 | AR10: 6 | AS10: 5.5 | AT10: 6 | AU10: 6 | AV10: 5.5 | AW10: 6 | AX10: 6 | AY10: 6 | AZ10: 5.5 | BA10: 5.5 | BB10: 5.5 | BC10: 2
A11: (A) SALARIO MES | B11: =ROUND(B10*'DATOS INICIALES'!$B$12,0) -> 7117500 | C11: =ROUND(C10*'DATOS INICIALES'!$B$12,0) -> 7117500 | D11: =ROUND(D10*'DATOS INICIALES'!$B$12,0) -> 4270500 | E11: =ROUND(E10*'DATOS INICIALES'!$B$12,0) -> 4270500 | F11: =ROUND(F10*'DATOS INICIALES'!$B$12,0) -> 3843450 | G11: =ROUND(G10*'DATOS INICIALES'!$B$12,0) -> 4270500 | H11: =ROUND(H10*'DATOS INICIALES'!$B$12,0) -> 2847000 | I11: =ROUND(I10*'DATOS INICIALES'!$B$12,0) -> 3274050 | ... S11: =ROUND(S10*'DATOS INICIALES'!$B$12,0) -> 1921725 | T11: 1400000 | U11: =ROUND(U10*'DATOS INICIALES'!$B$12,0) -> 3274050 | V11: =ROUND(V10*'DATOS INICIALES'!$B$12,0) -> 3914625 | W11: =ROUND(W10*'DATOS INICIALES'!$B$12,0) -> 1850550 | X11: =ROUND(X10*'DATOS INICIALES'!$B$12,0) -> 2847000 | Y11: =ROUND(Y10*'DATOS INICIALES'!$B$12,0) -> 1708200 | Z11: =ROUND(Z10*'DATOS INICIALES'!$B$12,0) -> 2847000 | AA11: =ROUND(AA10*'DATOS INICIALES'!$B$12,0) -> 1565850 | AB11: =ROUND(AB10*'DATOS INICIALES'!$B$12,0) -> 2847000 | ... BE11: =ROUND(BE10*'DATOS INICIALES'!$B$12,0) -> 0
A12: (B) AUXILIO TRANSPORTE MES | B12: =IF(B10<=2,'DATOS INICIALES'!$B$13,0) -> 0 | C12: =IF(C10<=2,'DATOS INICIALES'!$B$13,0) -> 0 | D12: =IF(D10<=2,'DATOS INICIALES'!$B$13,0) -> 0 | E12: =IF(E10<=2,'DATOS INICIALES'!$B$13,0) -> 0 | F12: =IF(F10<=2,'DATOS INICIALES'!$B$13,0) -> 0 | G12: =IF(G10<=2,'DATOS INICIALES'!$B$13,0) -> 0 | H12: =IF(H10<=2,'DATOS INICIALES'!$B$13,0) -> 200000 | I12: =IF(I10<=2,'DATOS INICIALES'!$B$13,0) -> 0 | ... BE12: =IF(BE10<=2,'DATOS INICIALES'!$B$13,0) -> 200000
A13: (C) SUELDO ANUAL (A x 12) | B13: =+ROUND(B11*12,0) -> 85410000 | C13: =+ROUND(C11*12,0) -> 85410000 | D13: =+ROUND(D11*12,0) -> 51246000 | E13: =+ROUND(E11*12,0) -> 51246000 | F13: =+ROUND(F11*12,0) -> 46121400 | G13: =+ROUND(G11*12,0) -> 51246000 | H13: =+ROUND(H11*12,0) -> 34164000 | I13: =+ROUND(I11*12,0) -> 39288600 | ... BE13: =+ROUND(BE11*12,0) -> 0
A14: (D) AUXILIO TRANSPORTE ANUAL (B x 12) | B14: =+ROUND(B12*12,0) -> 0 | C14: =+ROUND(C12*12,0) -> 0 | D14: =+ROUND(D12*12,0) -> 0 | E14: =+ROUND(E12*12,0) -> 0 | F14: =+ROUND(F12*12,0) -> 0 | G14: =+ROUND(G12*12,0) -> 0 | H14: =+ROUND(H12*12,0) -> 2400000 | I14: =+ROUND(I12*12,0) -> 0 | ... BE14: =+ROUND(BE12*12,0) -> 2400000
A15: (F) CESANTIAS (C + D) x12% | B15: =ROUND((B13+B14)*0.12,0) -> 10249200 | C15: =ROUND((C13+C14)*0.12,0) -> 10249200 | D15: =ROUND((D13+D14)*0.12,0) -> 6149520 | E15: =ROUND((E13+E14)*0.12,0) -> 6149520 | F15: =ROUND((F13+F14)*0.12,0) -> 5534568 | G15: =ROUND((G13+G14)*0.12,0) -> 6149520 | H15: =ROUND((H13+H14)*0.12,0) -> 4387680 | I15: =ROUND((I13+I14)*0.12,0) -> 4714632 | ... BE15: =ROUND((BE13+BE14)*0.12,0) -> 288000
A16: INTERES DE CESANTIA (F x 12%) | B16: =ROUND(B15*0.12,0) -> 1229904 | C16: =ROUND(C15*0.12,0) -> 1229904 | D16: =ROUND(D15*0.12,0) -> 737942 | E16: =ROUND(E15*0.12,0) -> 737942 | F16: =ROUND(F15*0.12,0) -> 664148 | G16: =ROUND(G15*0.12,0) -> 737942 | H16: =ROUND(H15*0.12,0) -> 526522 | I16: =ROUND(I15*0.12,0) -> 565756 | ... BE16: =ROUND(BE15*0.12,0) -> 34560
A17: VACACIONES (A + B) / 2 | B17: =ROUND((B11+B12)/2,0) -> 3558750 | C17: =ROUND((C11+C12)/2,0) -> 3558750 | D17: =ROUND((D11+D12)/2,0) -> 2135250 | E17: =ROUND((E11+E12)/2,0) -> 2135250 | F17: =ROUND((F11+F12)/2,0) -> 1921725 | G17: =ROUND((G11+G12)/2,0) -> 2135250 | H17: =ROUND((H11+H12)/2,0) -> 1523500 | I17: =ROUND((I11+I12)/2,0) -> 1637025 | ... BE17: =ROUND((BE11+BE12)/2,0) -> 100000
A18: PRIMA DE SERVICIOS (A + B) | B18: =B11+B12 -> 7117500 | C18: =C11+C12 -> 7117500 | D18: =D11+D12 -> 4270500 | E18: =E11+E12 -> 4270500 | F18: =F11+F12 -> 3843450 | G18: =G11+G12 -> 4270500 | H18: =H11+H12 -> 3047000 | I18: =I11+I12 -> 3274050 | ... BE18: =BE11+BE12 -> 200000
A19: FONDO INDUSTRIA DE LA CONSTRUCCIÓN SENA - FIC (SMMLV x 12 / 40) | B19: =ROUND(('DATOS INICIALES'!$B$12*12)/40,0) -> 427050 | C19: =ROUND(('DATOS INICIALES'!$B$12*12)/40,0) -> 427050 | D19: =ROUND(('DATOS INICIALES'!$B$12*12)/40,0) -> 427050 | E19: =ROUND(('DATOS INICIALES'!$B$12*12)/40,0) -> 427050 | F19: =ROUND(('DATOS INICIALES'!$B$12*12)/40,0) -> 427050 | G19: =ROUND(('DATOS INICIALES'!$B$12*12)/40,0) -> 427050 | H19: =ROUND(('DATOS INICIALES'!$B$12*12)/40,0) -> 427050 | I19: =ROUND(('DATOS INICIALES'!$B$12*12)/40,0) -> 427050 | ... BE19: =ROUND(('DATOS INICIALES'!$B$12*12)/40,0) -> 427050
A20: EPS (SALUD) - VERIFICAR CREE (C + D) x 8.5% | B20: =IF('DATOS INICIALES'!B14="NO",('FACTOR PRESTACIONAL'!B13+'FACTOR PRESTACIONAL'!B14)*0.085,0) -> 0 | C20: =IF('DATOS INICIALES'!C14="NO",('FACTOR PRESTACIONAL'!C13+'FACTOR PRESTACIONAL'!C14)*0.085,0) -> 0 | D20: =IF('DATOS INICIALES'!D14="NO",('FACTOR PRESTACIONAL'!D13+'FACTOR PRESTACIONAL'!D14)*0.085,0) -> 0 | E20: =IF('DATOS INICIALES'!E14="NO",('FACTOR PRESTACIONAL'!E13+'FACTOR PRESTACIONAL'!E14)*0.085,0) -> 0 | F20: =IF('DATOS INICIALES'!F14="NO",('FACTOR PRESTACIONAL'!F13+'FACTOR PRESTACIONAL'!F14)*0.085,0) -> 0 | G20: =IF('DATOS INICIALES'!G14="NO",('FACTOR PRESTACIONAL'!G13+'FACTOR PRESTACIONAL'!G14)*0.085,0) -> 0 | H20: =IF('DATOS INICIALES'!H14="NO",('FACTOR PRESTACIONAL'!H13+'FACTOR PRESTACIONAL'!H14)*0.085,0) -> 0 | I20: =IF('DATOS INICIALES'!I14="NO",('FACTOR PRESTACIONAL'!I13+'FACTOR PRESTACIONAL'!I14)*0.085,0) -> 0 | ... BE20: =IF('DATOS INICIALES'!BE14="NO",('FACTOR PRESTACIONAL'!BE13+'FACTOR PRESTACIONAL'!BE14)*0.085,0) -> 0
A21: AFP (PENSION) (C + D) x 12% | B21: =ROUND((B13+B14)*0.12,0) -> 10249200 | C21: =ROUND((C13+C14)*0.12,0) -> 10249200 | D21: =ROUND((D13+D14)*0.12,0) -> 6149520 | E21: =ROUND((E13+E14)*0.12,0) -> 6149520 | F21: =ROUND((F13+F14)*0.12,0) -> 5534568 | G21: =ROUND((G13+G14)*0.12,0) -> 6149520 | H21: =ROUND((H13+H14)*0.12,0) -> 4387680 | I21: =ROUND((I13+I14)*0.12,0) -> 4714632 | ... BE21: =ROUND((BE13+BE14)*0.12,0) -> 288000
A22: RIESGOS PROFESIONALES (C + D) x FACTOR DE RIESGO | B22: =ROUND((B13+B14)*'DATOS INICIALES'!$B$17,0) -> 5944536 | C22: =ROUND((C13+C14)*'DATOS INICIALES'!$B$17,0) -> 5944536 | D22: =ROUND((D13+D14)*'DATOS INICIALES'!$B$17,0) -> 3566722 | E22: =ROUND((E13+E14)*'DATOS INICIALES'!$B$17,0) -> 3566722 | F22: =ROUND((F13+F14)*'DATOS INICIALES'!$B$17,0) -> 3210049 | G22: =ROUND((G13+G14)*'DATOS INICIALES'!$B$17,0) -> 3566722 | H22: =ROUND((H13+H14)*'DATOS INICIALES'!$B$17,0) -> 2544854 | I22: =ROUND((I13+I14)*'DATOS INICIALES'!$B$17,0) -> 2734487 | ... BE22: =ROUND((BE13+BE14)*'DATOS INICIALES'!$B$17,0) -> 167040
A23: CAJA DE COMPENSACION (C + D) x 4% | B23: =ROUND((B13+B14)*0.04,0) -> 3416400 | C23: =ROUND((C13+C14)*0.04,0) -> 3416400 | D23: =ROUND((D13+D14)*0.04,0) -> 2049840 | E23: =ROUND((E13+E14)*0.04,0) -> 2049840 | F23: =ROUND((F13+F14)*0.04,0) -> 1844856 | G23: =ROUND((G13+G14)*0.04,0) -> 2049840 | H23: =ROUND((H13+H14)*0.04,0) -> 1462560 | I23: =ROUND((I13+I14)*0.04,0) -> 1571544 | ... BE23: =ROUND((BE13+BE14)*0.04,0) -> 96000
A24: SENA - VERIFICAR CREE (C + D) X 2% | B24: =IF('DATOS INICIALES'!B14="NO",('FACTOR PRESTACIONAL'!B13+'FACTOR PRESTACIONAL'!B14)*0.02,0) -> 0 | C24: =IF('DATOS INICIALES'!C14="NO",('FACTOR PRESTACIONAL'!C13+'FACTOR PRESTACIONAL'!C14)*0.02,0) -> 0 | D24: =IF('DATOS INICIALES'!D14="NO",('FACTOR PRESTACIONAL'!D13+'FACTOR PRESTACIONAL'!D14)*0.02,0) -> 0 | E24: =IF('DATOS INICIALES'!E14="NO",('FACTOR PRESTACIONAL'!E13+'FACTOR PRESTACIONAL'!E14)*0.02,0) -> 0 | F24: =IF('DATOS INICIALES'!F14="NO",('FACTOR PRESTACIONAL'!F13+'FACTOR PRESTACIONAL'!F14)*0.02,0) -> 0 | G24: =IF('DATOS INICIALES'!G14="NO",('FACTOR PRESTACIONAL'!G13+'FACTOR PRESTACIONAL'!G14)*0.02,0) -> 0 | H24: =IF('DATOS INICIALES'!H14="NO",('FACTOR PRESTACIONAL'!H13+'FACTOR PRESTACIONAL'!H14)*0.02,0) -> 0 | I24: =IF('DATOS INICIALES'!I14="NO",('FACTOR PRESTACIONAL'!I13+'FACTOR PRESTACIONAL'!I14)*0.02,0) -> 0 | ... BE24: =IF('DATOS INICIALES'!BE14="NO",('FACTOR PRESTACIONAL'!BE13+'FACTOR PRESTACIONAL'!BE14)*0.02,0) -> 0
A25: ICBF - VERIFICAR CREE (C + D) X 3% | B25: =IF('DATOS INICIALES'!B14="NO",('FACTOR PRESTACIONAL'!B13+'FACTOR PRESTACIONAL'!B14)*0.03,0) -> 0 | C25: =IF('DATOS INICIALES'!C14="NO",('FACTOR PRESTACIONAL'!C13+'FACTOR PRESTACIONAL'!C14)*0.03,0) -> 0 | D25: =IF('DATOS INICIALES'!D14="NO",('FACTOR PRESTACIONAL'!D13+'FACTOR PRESTACIONAL'!D14)*0.03,0) -> 0 | E25: =IF('DATOS INICIALES'!E14="NO",('FACTOR PRESTACIONAL'!E13+'FACTOR PRESTACIONAL'!E14)*0.03,0) -> 0 | F25: =IF('DATOS INICIALES'!F14="NO",('FACTOR PRESTACIONAL'!F13+'FACTOR PRESTACIONAL'!F14)*0.03,0) -> 0 | G25: =IF('DATOS INICIALES'!G14="NO",('FACTOR PRESTACIONAL'!G13+'FACTOR PRESTACIONAL'!G14)*0.03,0) -> 0 | H25: =IF('DATOS INICIALES'!H14="NO",('FACTOR PRESTACIONAL'!H13+'FACTOR PRESTACIONAL'!H14)*0.03,0) -> 0 | I25: =IF('DATOS INICIALES'!I14="NO",('FACTOR PRESTACIONAL'!I13+'FACTOR PRESTACIONAL'!I14)*0.03,0) -> 0 | ... BE25: =IF('DATOS INICIALES'!BE14="NO",('FACTOR PRESTACIONAL'!BE13+'FACTOR PRESTACIONAL'!BE14)*0.03,0) -> 0
A26: EXAMEN DE INGRESO - EGRESO | B26: 100000 | C26: 100000 | D26: 100000 | E26: 100000 | F26: 100000 | G26: 100000 | H26: 100000 | I26: 100000 | J26: 100000 | K26: 100000 | L26: 100000 | M26: 100000 | N26: 100000 | O26: 100000 | P26: 100000 | Q26: 100000 | R26: 100000 | S26: 100000 | T26: 100000 | U26: 100000 | V26: 100000 | W26: 100000 | X26: 100000 | Y26: 100000 | Z26: 100000 | AA26: 100000 | AB26: 100000 | AC26: 100000 | AD26: 100000 | AE26: 100000 | AF26: 100000 | AG26: 100000 | AH26: 100000 | AI26: 100000 | AJ26: 100000 | AK26: 100000 | AL26: 100000 | AM26: 100000 | AN26: 100000 | AO26: 100000 | AP26: 100000 | AQ26: 100000 | AR26: 100000 | AS26: 100000 | AT26: 100000 | AU26: 100000 | AV26: 100000 | AW26: 100000 | AX26: 100000 | AY26: 100000 | AZ26: 100000 | BA26: 100000 | BB26: 100000 | BC26: 100000 | BD26: 100000 | BE26: 100000
A27: DOTACIÓN | B27: =IF(B10<=2,$C$43,0) -> 0 | C27: =IF(C10<=2,$C$43,0) -> 0 | D27: =IF(D10<=2,$C$43,0) -> 0 | E27: =IF(E10<=2,$C$43,0) -> 0 | F27: =IF(F10<=2,$C$43,0) -> 0 | G27: =IF(G10<=2,$C$43,0) -> 0 | H27: =IF(H10<=2,$C$43,0) -> 378000 | I27: =IF(I10<=2,$C$43,0) -> 0 | ... Q27: =IF(Q10<=2,$C$43,0) -> 0 | R27: =IF(R10<=2.35,$C$43,0) -> 378000 | S27: =IF(S10<=2,$C$43,0) -> 378000 | T27: =IF(T10<=2,$C$43,0) -> 0 | U27: =IF(U10<=2,$C$43,0) -> 0 | V27: =IF(V10<=2.75,$C$43,0) -> 378000 | W27: =IF(W10<=2,$C$43,0) -> 378000 | X27: =IF(X10<=2,$C$43,0) -> 378000 | Y27: =IF(Y10<=2,$C$43,0) -> 378000 | Z27: =IF(Z10<=2,$C$43,0) -> 378000 | AA27: =IF(AA10<=2,$C$43,0) -> 378000 | AB27: =IF(AB10<=2,$C$43,0) -> 378000 | AC27: =IF(AC10<=2,$C$43,0) -> 378000 | AD27: =IF(AD10<=2,$C$43,0) -> 378000 | ... AH27: =IF(AH10<=2,$C$43,0) -> 378000 | AI27: =IF(AI10<=2.25,$C$43,0) -> 378000 | AJ27: =IF(AJ10<=3.2,$C$43,0) -> 378000 | AK27: =IF(AK10<=2,$C$43,0) -> 378000 | AL27: =IF(AL10<=2,$C$43,0) -> 378000 | AM27: =IF(AM10<=2,$C$43,0) -> 378000 | AN27: =IF(AN10<=2,$C$43,0) -> 0 | AO27: =IF(AO10<=2,$C$43,0) -> 0 | AP27: =IF(AP10<=2,$C$43,0) -> 0 | AQ27: =IF(AQ10<=2,$C$43,0) -> 0 | AR27: =IF(AR10<=2,$C$43,0) -> 0 | ... BE27: =IF(BE10<=2,$C$43,0) -> 378000
A28: KIT ELEMENTOS DE PROTECCIÓN PERSONAL | B28: =IF(B9="ADMÓN",$F$70,$F$59) -> 390500 | C28: =IF(C9="ADMÓN",$F$70,$F$59) -> 390500 | D28: =IF(D9="ADMÓN",$F$70,$F$59) -> 390500 | E28: =IF(E9="ADMÓN",$F$70,$F$59) -> 390500 | F28: =IF(F9="ADMÓN",$F$70,$F$59) -> 390500 | G28: =IF(G9="ADMÓN",$F$70,$F$59) -> 390500 | H28: =IF(H9="ADMÓN",$F$70,$F$59) -> 390500 | I28: =IF(I9="ADMÓN",$F$70,$F$59) -> 390500 | ... BE28: =IF(BE9="ADMÓN",$F$70,$F$59) -> 662200
A29: TOTAL ANUAL | B29: =SUM(B13:B28) -> 128093040 | C29: =SUM(C13:C28) -> 128093040 | D29: =SUM(D13:D28) -> 77222844 | E29: =SUM(E13:E28) -> 77222844 | F29: =SUM(F13:F28) -> 69592314 | G29: =SUM(G13:G28) -> 77222844 | H29: =SUM(H13:H28) -> 55739346 | I29: =SUM(I13:I28) -> 59418276 | ... BE29: =SUM(BE13:BE28) -> 5140850
A30: JORNAL | B30: =ROUND(B13/365,0) -> 234000 | C30: =ROUND(C13/365,0) -> 234000 | D30: =ROUND(D13/365,0) -> 140400 | E30: =ROUND(E13/365,0) -> 140400 | F30: =ROUND(F13/365,0) -> 126360 | G30: =ROUND(G13/365,0) -> 140400 | H30: =ROUND(H13/365,0) -> 93600 | I30: =ROUND(I13/365,0) -> 107640 | ... BE30: =ROUND(BE13/365,0) -> 0
A31: PRESTACIONES | B31: =ROUND((B29/365-B30),0) -> 116940 | C31: =ROUND((C29/365-C30),0) -> 116940 | D31: =ROUND((D29/365-D30),0) -> 71169 | E31: =ROUND((E29/365-E30),0) -> 71169 | F31: =ROUND((F29/365-F30),0) -> 64304 | G31: =ROUND((G29/365-G30),0) -> 71169 | H31: =ROUND((H29/365-H30),0) -> 59111 | I31: =ROUND((I29/365-I30),0) -> 55150 | ... BE31: =ROUND((BE29/365-BE30),0) -> 14085
A32: FACTOR PRESTACIONAL | B32: =IFERROR(ROUND((B29/B13),2),0) -> 1.5 | C32: =IFERROR(ROUND((C29/C13),2),0) -> 1.5 | D32: =IFERROR(ROUND((D29/D13),2),0) -> 1.51 | E32: =IFERROR(ROUND((E29/E13),2),0) -> 1.51 | F32: =IFERROR(ROUND((F29/F13),2),0) -> 1.51 | G32: =IFERROR(ROUND((G29/G13),2),0) -> 1.51 | H32: =IFERROR(ROUND((H29/H13),2),0) -> 1.63 | I32: =IFERROR(ROUND((I29/I13),2),0) -> 1.51 | ... BE32: =IFERROR(ROUND((BE29/BE13),2),0) -> 0
A37: DESCRIPCIÓN | B37: UNIDAD | C37: VALOR / UN | D37: OBSERVACIONES
A38: Calzado | B38: Par | C38: 56000 | D38: BOTA TRABAJO PUNTA ACERO MIAMI
A39: Pantalón | B39: Unidad | C39: 35000 | D39: JEAN CLASICO LABORAL INDIGO AZUL
A40: Camisa | B40: Unidad | C40: 35000 | D40: BLUSA 3/4 MANGA LARGA CAQUI
A41: Total Dotación | C41: =SUM(C38:C40) -> 126000
A42: Frecuencia | C42: 3
A43: Total anual | C43: =C41*C42 -> 378000
A46: CÁLCULO EPP PARA PERSONAL DE OBRA (NO INCLUYE DOTACIÓN PAPSO)
A47: DESCRIPCIÓN | C47: UNIDAD | D47: CANTIDAD | E47: VR. UNIT. | F47: VR. TOTAL | G47: OBSERVACIONES
A48: CASCO | C48: UN | D48: 1 | E48: 13000 | F48: =+D48*E48 -> 13000 | G48: CASCO ECO TIPO I CREMALLERA 1 ANUAL POR PERSONA
A49: TAFILETES | C49: UN | D49: 2 | E49: 9000 | F49: =+D49*E49 -> 18000 | G49: TAFILETE CINTA CASCO 2 ANUALES ADICIONAL POR PERSONA
A50: GUANTES CARNAZA | C50: PAR | D50: 5.2 | E50: 14000 | F50: =+D50*E50 -> 72800 | G50: GUANTE CARNAZA REFORZADO LARGO 1 SEMANAL CADA 10 PERSONAS (FIERREROS)
A51: GUANTES GENERALES | C51: PAR | D51: 26 | E51: 5000 | F51: =+D51*E51 -> 130000 | G51: GUANTE ALGODÓN LATEX 1 QUINCENAL A CADA TRABAJADOR
A52: GUANTES LARGOS | C52: PAR | D52: 1.3 | E52: 41000 | F52: =+D52*E52 -> 53300 | G52: GUANTE PVC SEMICORRUGADO AZUL MANGA 60CM 1 QUINCENAL CADA 20 PERSONAS (CORTADORES)
A53: CHALECOS REFLECTIVOS | C53: UN | D53: 4 | E53: 23000 | F53: =+D53*E53 -> 92000 | G53: CHALECO CONSTRUCCIÓN 1 TRIMESTRAL A CADA TRABAJADOR
A54: DELANTAL IMPERMEABLE | C54: UN | D54: 0.6 | E54: 25000 | F54: =+D54*E54 -> 15000 | G54: DELANTAL NEGRO VESTIFLEX 81X118CM 1 MENSUAL CADA 20 PERSONAS (CORTADORES)
A55: MONOGAFAS | C55: UN | D55: 10.4 | E55: 5000 | F55: =+D55*E55 -> 52000 | G55: GAFAS DE SEGURIDAD LENTE CLARO 1 SEMANAL CADA 5 TRABAJADORES (DEMOLICIÓN)
A56: TAPONES AUDITIVOS SENCILLOS | C56: UN | D56: 52 | E56: 2400 | F56: =+D56*E56 -> 124800 | G56: TAPON OIDO 32 DECÍBELES DESECHABLE CORDON 1 SEMANAL POR CADA TRABAJADOR
A57: PROTECTORES AUDITIVOS DE COPA | C57: UN | D57: 1.2 | E57: 24000 | F57: =+D57*E57 -> 28800 | G57: PROTECTOR OIDO COPA 23 DECÍBELES 1 MENSUAL CADA 10 TRABAJADORES
A58: ARNÉS DE SEGURIDAD + ESLINGA | C58: UN | D58: 0.25 | E58: 250000 | F58: =+D58*E58 -> 62500 | G58: KIT DE ARNÉS CON ESLINGA INTEGRADA - 3M 1 ANUAL CADA 4 PERSONAS
A59: TOTAL EPP ANUAL | F59: =SUM(F48:F58) -> 662200
A61: CÁLCULO EPP PARA PERSONAL DE OFICINA (NO INCLUYE DOTACIÓN PAPSO)
A62: DESCRIPCIÓN | C62: UNIDAD | D62: CANTIDAD | E62: VR. UNIT. | F62: VR. TOTAL | G62: OBSERVACIONES
A63: CASCO | C63: UN | D63: 1 | E63: 23000 | F63: =+D63*E63 -> 23000 | G63: CASCO ECO DIELECTRICO RATCHET BLANCO 1 ANUAL POR PERSONA
A64: TAFILETES | C64: UN | D64: 2 | E64: 9000 | F64: =+D64*E64 -> 18000 | G64: TAFILETE CINTA CASCO 2 ANUALES ADICIONAL POR PERSONA
A65: MONOGAFAS | C65: UN | D65: 2 | E65: 17900 | F65: =+D65*E65 -> 35800 | G65: GAFAS SEGURIDAD CREONTE LENTE OSCURO AF 2 ANUALES POR PERSONA
A66: TAPABOCAS | C66: UN | D66: 2 | E66: 14000 | F66: =+D66*E66 -> 28000 | G66: RESPIRADOR N95 VÁLVULA CARBÓN ACTIVADO 2 ANUALES POR PERSONA
A67: TAPONES AUDITIVOS SENCILLOS | C67: UN | D67: 12 | E67: 3600 | F67: =+D67*E67 -> 43200 | G67: TAPON OIDO SILICONADO 1 MENSUAL POR CADA TRABAJADOR
A68: CHALECOS REFLECTIVOS | C68: UN | D68: 2 | E68: 90000 | F68: =+D68*E68 -> 180000 | G68: CHALECO MULTIFUNCIONAL 1 SEMESTRAL A CADA TRABAJADOR
A69: ARNÉS DE SEGURIDAD + ESLINGA | C69: UN | D69: 0.25 | E69: 250000 | F69: =+D69*E69 -> 62500 | G69: KIT DE ARNÉS CON ESLINGA INTEGRADA - 3M 1 ANUAL CADA 4 PERSONAS
A70: TOTAL EPP ANUAL | F70: =SUM(F63:F69) -> 390500

Sheet INSUMOS TRANSPORTES
A1: DEPARTAMENTO DE ANTIOQUIA
A2: ='DATOS INICIALES'!B6 -> MUNICIPIO DE DABEIBA
A3: ='DATOS INICIALES'!B3 -> AMPLIACIÓN DEL SISTEMA DE ALCANTARILLADO EN SECTOR DEL BARRIO PABLO VI DEL MUNICIPIO DE DABEIBA ANTIOQUIA
A5: LISTADO DE INSUMOS - TRANSPORTES
A7: CÓDIGO | B7: DESCRIPCIÓN | C7: UNIDAD | D7: VALOR UNITARIO
A8: TR001 | B8: TRANSPORTE DE INSUMOS GENERALES 0-1KM | C8: TON-KM | D8: 4250
A9: TR002 | B9: TRANSPORTE DE MATERIALES DE PLAYA (ARENILLON, PIEDRA RODADA DE RIO DMAX=3/4") 0-10KM | C9: M3-KM | D9: 3000
A10: TR003 | B10: TRANSPORTE DE MATERIAL DE EXCAVACIÓN | C10: M3-KM | D10: 3000
A11: TR004 | B11: TRANSPORTE DE ESCOMBROS | C11: M3-KM | D11: 3000
A12: TR005 | B12: TRANSPORTE DE MATERIALES GRANULARES | C12: M3-KM | D12: 3000
A13: TR006 | B13: TRANSPORTE DE MEZCLAS ASFÁLTICAS | C13: TON-KM | D13: 3000
A14: TR007 | B14: TRANSPORTE DE INSUMOS GENERALES 0-10 KM | C14: TON-KM | D14: 4250
A15: TR008 | B15: TRANSPORTE DE INSUMOS GENERALES 11-30 KM | C15: TON-KM | D15: 2480
A16: TR009 | B16: TRANSPORTE DE INSUMOS GENERALES 31-70 KM | C16: TON-KM | D16: 1300
A17: TR010 | B17: TRANSPORTE DE INSUMOS GENERALES 71-150 KM | C17: TON-KM | D17: 860
A18: TR011 | B18: TRANSPORTE DE INSUMOS GENERALES 151-310 KM | C18: TON-KM | D18: 750
A19: TR012 | B19: TRANSPORTE DE INSUMOS GENERALES MAYOR A 310 KM | C19: TON-KM | D19: 280
... A29: TR022 | B29: DISPOSICION FINAL DERECHO A BOTADERO | C29: M3-KM | D29: 4000
B34: MARLON A PEREZ HERRERA
B35: INGENIERO BANCO DE PROYECTOS

Sheet INSUMOS SERVICIOS
A1: DEPARTAMENTO DE ANTIOQUIA
A2: ='DATOS INICIALES'!B6 -> MUNICIPIO DE DABEIBA
A3: ='DATOS INICIALES'!B3 -> AMPLIACIÓN DEL SISTEMA DE ALCANTARILLADO EN SECTOR DEL BARRIO PABLO VI DEL MUNICIPIO DE DABEIBA ANTIOQUIA
A5: LISTADO DE INSUMOS - SERVICIOS
A7: CÓDIGO | B7: DESCRIPCIÓN | C7: UNIDAD | D7: VALOR UNITARIO
A8: SE005 | B8: ADQUISICIÓN DE CARTOGRAFIA (IMÁGENES DE SATELITE Y FOTOS AÉREAS EXISTENTES) S/COMPROBANTE PAGO | C8: UN | D8: 100000
A9: SE003 | B9: ARRIENDO OFICINA DE CAMPO + DOTACIÓN | C9: MES | D9: 400000
A10: SE001 | B10: COMISIÓN TOPOGRÁFICA (1 TOP. + 1 CAD. 1 + 1 CAD. 2) | C10: DÍA | D10: 516617.34
A11: SE002 | B11: COMISIÓN TOPOGRÁFICA (1 TOP. + 1 CAD. 1) | C11: DÍA | D11: 447639.44
A12: SEL009 | B12: Compactación, densidad, estabilidad y flujo por briqueta para asfaltos | C12: UN | D12: 72000
A13: SE004 | B13: DERECHO A BOTADERO | C13: M3 | D13: 5000
A14: SEL003 | B14: Determinación de terrones de arcilla y partículas deleznables en los agregados | C14: UN | D14: 79000
A15: SEL006 | B15: Diseños de mezcla para una resistencia determinada (Incluye ensayos a agregados y verificación de resistencia) | C15: UN | D15: 737000
A16: SEL008 | B16: Densidad de compactación del suelo en campo, método del cono de arena | C16: UN | D16: 45000
A17: SEL001 | B17: Granulometría por tamizado con lavado sobre tamiz No 200 | C17: UN | D17: 107000
A18: SEL005 | B18: Relación de Soporte del Suelo en el laboratorio (CBR en el laboratorio) remodelado y sumergido. Suelos granulares (3 puntos) | C18: UN | D18: 368000
A19: SEL004 | B19: Relaciones de humedad - masa unitaria seca en los suelos (ensayo modificado de compactación - Proctor Modificado) con corrección del peso unitario y contenido de agua | C19: UN | D19: 147000
... A21: SEL002 | B21: Resistencia al desgaste de los agregados de tamaños menores a 37,5 mm (1 1/2") por medio de la máquina de los ángeles. | C21: UN | D21: 145000
B29: MARLON A PEREZ H
B30: INGENIERO BANCO DE PROYECTOS
